Workbook

Sheet P1 Presupuesto Aprobado
A2: POLICIA NACIONAL
A3: COMITÉ DE RETIRO DE LA POLICIA NACIONAL
A4: AÑO 2026
A6: Presupuesto de Gastos y Aplicaciones Financieras
A7: En RD$
A9: Detalle | C9: PRESUPUESTO APROBADO | D9: PRESUPUESTO MODIFICADO
A10: 2 - GASTOS
A11: 2.1 - REMUNERACIONES Y CONTRIBUCIONES | C11: =SUM(C12:C16) -> 52292350 | D11: =SUM(D12:D16) -> 0
B12: 2.1.1 - REMUNERACIONES | C12: 41762500 | D12: 0
B13: 2.1.2 - SOBRESUELDOS | C13: 7792800 | D13: 0
B14: 2.1.3 - DIETAS Y GASTOS DE REPRESENTACIÓN | C14: 0 | D14: 0
B15: 2.1.4 - GRATIFICACIONES Y BONIFICACIONES | C15: 0 | D15: 0
B16: 2.1.5 - CONTRIBUCIONES A LA SEGURIDAD SOCIAL | C16: 2737050 | D16: 0
A17: 2.2 - CONTRATACIÓN DE SERVICIOS | C17: =SUM(C18:C26) -> 403056600 | D17: =SUM(D18:D26) -> 0
B18: 2.2.1 - SERVICIOS BÁSICOS | C18: 1941600 | D18: 0
B19: 2.2.2 - PUBLICIDAD, IMPRESIÓN Y ENCUADERNACIÓN | C19: 0 | D19: 0
B20: 2.2.3 - VIÁTICOS | C20: 0 | D20: 0
B21: 2.2.4 - TRANSPORTE Y ALMACENAJE | C21: 0 | D21: 0
B22: 2.2.5 - ALQUILERES Y RENTAS | C22: 0 | D22: 0
B23: 2.2.6 - SEGUROS | C23: 400015000 | D23: 0
B24: 2.2.7 - SERVICIOS DE CONSERVACIÓN, REPARACIONES MENORES E INSTALACIONES TEMPORALES | C24: 1100000 | D24: 0
B25: 2.2.8 - OTROS SERVICIOS NO INCLUIDOS EN CONCEPTOS ANTERIORES | C25: 0 | D25: 0
B26: 2.2.9 - OTRAS CONTRATACIONES DE SERVICIOS | C26: 0 | D26: 0
A27: 2.3 - MATERIALES Y SUMINISTROS | C27: =SUM(C28:C36) -> 31131416 | D27: =SUM(D28:D36) -> 0
B28: 2.3.1 - ALIMENTOS Y PRODUCTOS AGROFORESTALES | C28: 0 | D28: 0
B29: 2.3.2 - TEXTILES Y VESTUARIOS | C29: 0 | D29: 0
B30: 2.3.3 - PRODUCTOS DE PAPEL, CARTÓN E IMPRESOS | C30: 1198462 | D30: 0
B31: 2.3.4 - PRODUCTOS FARMACÉUTICOS | C31: 22000000 | D31: 0
B32: 2.3.5 - PRODUCTOS DE CUERO, CAUCHO Y PLÁSTICO | C32: 0 | D32: 0
B33: 2.3.6 - PRODUCTOS DE MINERALES, METÁLICOS Y NO METÁLICOS | C33: 0 | D33: 0
B34: 2.3.7 - COMBUSTIBLES, LUBRICANTES, PRODUCTOS QUÍMICOS Y CONEXOS | C34: 6168400 | D34: 0
B35: 2.3.8 - GASTOS QUE SE ASIGNARÁN DURANTE EL EJERCICIO (ART. 32 Y 33 LEY 423-06) | C35: 0 | D35: 0
B36: 2.3.9 - PRODUCTOS Y ÚTILES VARIOS | C36: 1764554 | D36: 0
A37: 2.4 - TRANSFERENCIAS CORRIENTES | C37: =SUM(C38:C44) -> 1100000 | D37: =SUM(D38:D44) -> 0
B38: 2.4.1 - TRANSFERENCIAS CORRIENTES AL SECTOR PRIVADO | C38: 1100000 | D38: 0
B39: 2.4.2 - TRANSFERENCIAS CORRIENTES AL GOBIERNO GENERAL NACIONAL | C39: 0 | D39: 0
B40: 2.4.3 - TRANSFERENCIAS CORRIENTES A GOBIERNOS GENERALES LOCALES | C40: 0 | D40: 0
B41: 2.4.4 - TRANSFERENCIAS CORRIENTES A EMPRESAS PÚBLICAS NO FINANCIERAS | C41: 0 | D41: 0
B42: 2.4.5 - TRANSFERENCIAS CORRIENTES A INSTITUCIONES PÚBLICAS FINANCIERAS | C42: 0 | D42: 0
B43: 2.4.7 - TRANSFERENCIAS CORRIENTES AL SECTOR EXTERNO | C43: 0 | D43: 0
B44: 2.4.9 - TRANSFERENCIAS CORRIENTES A OTRAS INSTITUCIONES PÚBLICAS | C44: 0 | D44: 0
A45: 2.5 - TRANSFERENCIAS DE CAPITAL | C45: =SUM(C46:C52) -> 0 | D45: =SUM(D46:D52) -> 0
B46: 2.5.1 - TRANSFERENCIAS DE CAPITAL AL SECTOR PRIVADO | C46: 0 | D46: 0
B47: 2.5.2 - TRANSFERENCIAS DE CAPITAL AL GOBIERNO GENERAL NACIONAL | C47: 0 | D47: 0
B48: 2.5.3 - TRANSFERENCIAS DE CAPITAL A GOBIERNOS GENERALES LOCALES | C48: 0 | D48: 0
B49: 2.5.4 - TRANSFERENCIAS DE CAPITAL A EMPRESAS PÚBLICAS NO FINANCIERAS | C49: 0 | D49: 0
B50: 2.5.5 - TRANSFERENCIAS DE CAPITAL A INSTITUCIONES PÚBLICAS FINANCIERAS | C50: 0 | D50: 0
B51: 2.5.6 - TRANSFERENCIAS DE CAPITAL AL SECTOR EXTERNO | C51: 0 | D51: 0
B52: 2.5.9 - TRANSFERENCIAS DE CAPITAL A OTRAS INSTITUCIONES PÚBLICAS | C52: 0 | D52: 0
A53: 2.6 - BIENES MUEBLES, INMUEBLES E INTANGIBLES | C53: =SUM(C54:C62) -> 950000 | D53: =SUM(D54:D62) -> 0
B54: 2.6.1 - MOBILIARIO Y EQUIPO | C54: 950000 | D54: 0
B55: 2.6.2 - MOBILIARIO Y EQUIPO EDUCACIONAL Y RECREATIVO | C55: 0 | D55: 0
B56: 2.6.3 - EQUIPO E INSTRUMENTAL, CIENTÍFICO Y LABORATORIO | C56: 0 | D56: 0
B57: 2.6.4 - VEHÍCULOS Y EQUIPO DE TRANSPORTE, TRACCIÓN Y ELEVACIÓN | C57: 0 | D57: 0
B58: 2.6.5 - MAQUINARIA, OTROS EQUIPOS Y HERRAMIENTAS | C58: 0 | D58: 0
B59: 2.6.6 - EQUIPOS DE DEFENSA Y SEGURIDAD | C59: 0 | D59: 0
B60: 2.6.7 - ACTIVOS BIÓLOGICOS CULTIVABLES | C60: 0 | D60: 0
B61: 2.6.8 - BIENES INTANGIBLES | C61: 0 | D61: 0
B62: 2.6.9 - EDIFICIOS, ESTRUCTURAS, TIERRAS, TERRENOS Y OBJETOS DE VALOR | C62: 0 | D62: 0
A63: 2.7 - OBRAS | C63: =SUM(C64:C67) -> 0 | D63: =SUM(D64:D67) -> 0
B64: 2.7.1 - OBRAS EN EDIFICACIONES | C64: 0 | D64: 0
B65: 2.7.2 - INFRAESTRUCTURA | C65: 0 | D65: 0
B66: 2.7.3 - CONSTRUCCIONES EN BIENES CONCESIONADOS | C66: 0 | D66: 0
B67: 2.7.4 - GASTOS QUE SE ASIGNARÁN DURANTE EL EJERCICIO PARA INVERSIÓN (ART. 32 Y 33 LEY 423-06) | C67: 0 | D67: 0
A68: 2.8 - ADQUISICION DE ACTIVOS FINANCIEROS CON FINES DE POLÍTICA | C68: =SUM(C69:C70) -> 0 | D68: =SUM(D69:D70) -> 0
B69: 2.8.1 - CONCESIÓN DE PRESTAMOS | C69: 0 | D69: 0
B70: 2.8.2 - ADQUISICIÓN DE TÍTULOS VALORES REPRESENTATIVOS DE DEUDA | C70: 0 | D70: 0
A71: 2.9 - GASTOS FINANCIEROS | C71: =SUM(C72:C74) -> 0 | D71: =SUM(D72:D74) -> 0
B72: 2.9.1 - INTERESES DE LA DEUDA PÚBLICA INTERNA | C72: 0 | D72: 0
B73: 2.9.2 - INTERESES DE LA DEUDA PUBLICA EXTERNA | C73: 0 | D73: 0
B74: 2.9.4 - COMISIONES Y OTROS GASTOS BANCARIOS DE LA DEUDA PÚBLICA | C74: 0 | D74: 0
A75: Total Gastos | C75: =+C11+C17+C27+C37+C45+C53+C63+C68+C71 -> 488530366 | D75: =+D11+D17+D27+D37+D45+D53+D63+D68+D71 -> 0
A80: 4 - APLICACIONES FINANCIERAS
A81: 4.1 - INCREMENTO DE ACTIVOS FINANCIEROS | C81: =SUM(C82:C83) -> 0 | D81: =SUM(D82:D83) -> 0
B82: 4.1.1 - INCREMENTO DE ACTIVOS FINANCIEROS CORRIENTES | C82: 0 | D82: 0
B83: 4.1.2 - INCREMENTO DE ACTIVOS FINANCIEROS NO CORRIENTES | C83: 0 | D83: 0
A84: 4.2 - DISMINUCIÓN DE PASIVOS | C84: =SUM(C85:C86) -> 0 | D84: =SUM(D85:D86) -> 0
B85: 4.2.1 - DISMINUCIÓN DE PASIVOS CORRIENTES | C85: 0 | D85: 0
B86: 4.2.2 - DISMINUCIÓN DE PASIVOS NO CORRIENTES | C86: 0 | D86: 0
A87: 4.3 - DISMINUCIÓN DE FONDOS DE TERCEROS | C87: =SUM(C88) -> 0 | D87: =SUM(D88) -> 0
B88: 4.3.5 - DISMINUCIÓN DEPÓSITOS FONDOS DE TERCEROS | C88: 0 | D88: 0
A89: TOTAL APLICACIONES FINANCIERAS | C89: =+C81+C84+C87 -> 0 | D89: =+D81+D84+D87 -> 0
A91: TOTAL GASTOS Y APLICACIONES FINANCIERAS | C91: =+C75+C89 -> 488530366 | D91: =+D75+D89 -> 0
A94: Presupuesto Aprobado:
A95: Se refiere al presupuesto aprobado en la Ley de Presupuesto General del Estado.
A97: Presupuesto Modificado:
A98: Se refiere al presupuesto aprobado en caso de que el Congreso Nacional apruebe un presupuesto complementario.
A100: Total Devengado:
A101: Son los recursos financieros que surgen con la obligación de pago por la recepción de conformidad de obras, bienes y servicios oportunamente contratados o, en los casos de gastos sin contraprestación, por haberse cumplido los requisitos administrativos dispuestos por el reglamento de la presente ley.
C106: Notas:
C107: Se presenta la clasificacion objetal del gasto a nivel de cuenta.
A109: LIC. ANTONIO ALVAREZ SANTOS, | C109: Fecha de imputación: último día del mes analizado.
A110: Mayor, P.N.
A111: Director de Área Administrativo y Financiero | C111: Fecha de registro: desde el dia [01] de [enero] al [28] de [febrero] del [2026].
C114: Fuente: [Reporte del SIGEF]

Sheet P2 Presupuesto Aprobado-Ejec
A1: POLICIA NACIONAL
A2: COMITÉ DE RETIRO DE LA POLICIA NACIONAL
A3: AÑO 2026
A5: Ejecución de Gastos y Aplicaciones Financieras
A6: En RD$
A7: |
A8: Detalle | B8: Presupuesto Aprobado | C8: Presupuesto Modificado | D8: Gasto devengado
D9: Enero | E9: Febrero | F9: Marzo | G9: Abril | H9: Mayo | I9: Junio | J9: Julio | K9: Agosto | L9: Septiembre | M9: Octubre | N9: Noviembre | O9: Diciembre | P9: Total
A10: 2 - GASTOS
A11: 2.1 - REMUNERACIONES Y CONTRIBUCIONES | B11: =SUM(B12:B16) -> 52292350 | C11: =SUM(C12:C16) -> 0 | D11: =SUM(D12:D16) -> 4085023 | E11: =SUM(E12:E16) -> 4079813 | F11: =SUM(F12:F16) -> 0 | G11: =SUM(G12:G16) -> 0 | H11: =SUM(H12:H16) -> 0 | I11: =SUM(I12:I16) -> 0 | ... P11: =SUM(P12:P16) -> 8164836
A12: 2.1.1 - REMUNERACIONES | B12: ='P1 Presupuesto Aprobado'!C12 -> 41762500 | C12: 0 | D12: 3213000 | E12: 3203000 | F12: 0 | G12: 0 | H12: 0 | I12: 0 | J12: 0 | K12: 0 | L12: 0 | M12: 0 | N12: 0 | O12: 0 | P12: =SUM(D12:O12) -> 6416000
A13: 2.1.2 - SOBRESUELDOS | B13: ='P1 Presupuesto Aprobado'!C13 -> 7792800 | C13: 0 | D13: 643900 | E13: 649400 | F13: 0 | G13: 0 | H13: 0 | I13: 0 | J13: 0 | K13: 0 | L13: 0 | M13: 0 | N13: 0 | O13: 0 | P13: =SUM(D13:O13) -> 1293300
A14: 2.1.3 - DIETAS Y GASTOS DE REPRESENTACIÓN | B14: ='P1 Presupuesto Aprobado'!C14 -> 0 | C14: 0 | D14: 0 | E14: 0 | F14: 0 | G14: 0 | H14: 0 | I14: 0 | J14: 0 | K14: 0 | L14: 0 | M14: 0 | N14: 0 | O14: 0 | P14: =SUM(D14:O14) -> 0
A15: 2.1.4 - GRATIFICACIONES Y BONIFICACIONES | B15: ='P1 Presupuesto Aprobado'!C15 -> 0 | C15: 0 | D15: 0 | E15: 0 | F15: 0 | G15: 0 | H15: 0 | I15: 0 | J15: 0 | K15: 0 | L15: 0 | M15: 0 | N15: 0 | O15: 0 | P15: =SUM(D15:O15) -> 0
A16: 2.1.5 - CONTRIBUCIONES A LA SEGURIDAD SOCIAL | B16: ='P1 Presupuesto Aprobado'!C16 -> 2737050 | C16: 0 | D16: 228123 | E16: 227413 | F16: 0 | G16: 0 | H16: 0 | I16: 0 | J16: 0 | K16: 0 | L16: 0 | M16: 0 | N16: 0 | O16: 0 | P16: =SUM(D16:O16) -> 455536
A17: 2.2 - CONTRATACIÓN DE SERVICIOS | B17: =SUM(B18:B26) -> 403056600 | C17: =SUM(C18:C26) -> 0 | D17: =SUM(D18:D26) -> 17107445 | E17: =SUM(E18:E26) -> 17127385 | F17: =SUM(F18:F26) -> 0 | G17: =SUM(G18:G26) -> 0 | H17: =SUM(H18:H26) -> 0 | I17: =SUM(I18:I26) -> 0 | ... P17: =SUM(P18:P26) -> 34234830
A18: 2.2.1 - SERVICIOS BÁSICOS | B18: ='P1 Presupuesto Aprobado'!C18 -> 1941600 | D18: 104230.88 | E18: 77372.1 | F18: 0 | G18: 0 | H18: 0 | I18: 0 | J18: 0 | K18: 0 | L18: 0 | M18: 0 | N18: 0 | O18: 0 | P18: =SUM(D18:O18) -> 181602.98
A19: 2.2.2 - PUBLICIDAD, IMPRESIÓN Y ENCUADERNACIÓN | B19: ='P1 Presupuesto Aprobado'!C19 -> 0 | D19: 0 | E19: 0 | F19: 0 | G19: 0 | H19: 0 | I19: 0 | J19: 0 | K19: 0 | L19: 0 | M19: 0 | N19: 0 | O19: 0 | P19: =SUM(D19:O19) -> 0
A20: 2.2.3 - VIÁTICOS | B20: ='P1 Presupuesto Aprobado'!C20 -> 0 | D20: 0 | E20: 0 | F20: 0 | G20: 0 | H20: 0 | I20: 0 | J20: 0 | K20: 0 | L20: 0 | M20: 0 | N20: 0 | O20: 0 | P20: =SUM(D20:O20) -> 0
A21: 2.2.4 - TRANSPORTE Y ALMACENAJE | B21: ='P1 Presupuesto Aprobado'!C21 -> 0 | D21: 0 | E21: 0 | F21: 0 | G21: 0 | H21: 0 | I21: 0 | J21: 0 | K21: 0 | L21: 0 | M21: 0 | N21: 0 | O21: 0 | P21: =SUM(D21:O21) -> 0
A22: 2.2.5 - ALQUILERES Y RENTAS | B22: ='P1 Presupuesto Aprobado'!C22 -> 0 | D22: 0 | E22: 0 | F22: 0 | G22: 0 | H22: 0 | I22: 0 | J22: 0 | K22: 0 | L22: 0 | M22: 0 | N22: 0 | O22: 0 | P22: =SUM(D22:O22) -> 0
A23: 2.2.6 - SEGUROS | B23: ='P1 Presupuesto Aprobado'!C23 -> 400015000 | D23: 17003214 | E23: 17050013 | F23: 0 | G23: 0 | H23: 0 | I23: 0 | J23: 0 | K23: 0 | L23: 0 | M23: 0 | N23: 0 | O23: 0 | P23: =SUM(D23:O23) -> 34053227
A24: 2.2.7 - SERVICIOS DE CONSERVACIÓN, REPARACIONES MENORES E INSTALACIONES TEMPORALES | B24: ='P1 Presupuesto Aprobado'!C24 -> 1100000 | D24: 0 | E24: 0 | F24: 0 | G24: 0 | H24: 0 | I24: 0 | J24: 0 | K24: 0 | L24: 0 | M24: 0 | N24: 0 | O24: 0 | P24: =SUM(D24:O24) -> 0
A25: 2.2.8 - OTROS SERVICIOS NO INCLUIDOS EN CONCEPTOS ANTERIORES | B25: ='P1 Presupuesto Aprobado'!C25 -> 0 | D25: 0 | E25: 0 | F25: 0 | G25: 0 | H25: 0 | I25: 0 | J25: 0 | K25: 0 | L25: 0 | M25: 0 | N25: 0 | O25: 0 | P25: =SUM(D25:O25) -> 0
A26: 2.2.9 - OTRAS CONTRATACIONES DE SERVICIOS | B26: ='P1 Presupuesto Aprobado'!C26 -> 0 | D26: 0 | E26: 0 | F26: 0 | G26: 0 | H26: 0 | I26: 0 | J26: 0 | K26: 0 | L26: 0 | M26: 0 | N26: 0 | O26: 0 | P26: =SUM(D26:O26) -> 0
A27: 2.3 - MATERIALES Y SUMINISTROS | B27: =SUM(B28:B36) -> 31131416 | C27: =SUM(C28:C36) -> 0 | D27: =SUM(D28:D36) -> 0 | E27: =SUM(E28:E36) -> 0 | F27: =SUM(F28:F36) -> 0 | G27: =SUM(G28:G36) -> 0 | H27: =SUM(H28:H36) -> 0 | I27: =SUM(I28:I36) -> 0 | ... P27: =SUM(P28:P36) -> 0
A28: 2.3.1 - ALIMENTOS Y PRODUCTOS AGROFORESTALES | B28: ='P1 Presupuesto Aprobado'!C28 -> 0 | D28: 0 | E28: 0 | F28: 0 | G28: 0 | H28: 0 | I28: 0 | J28: 0 | K28: 0 | L28: 0 | M28: 0 | N28: 0 | O28: 0 | P28: =SUM(D28:O28) -> 0
A29: 2.3.2 - TEXTILES Y VESTUARIOS | B29: ='P1 Presupuesto Aprobado'!C29 -> 0 | D29: 0 | E29: 0 | F29: 0 | G29: 0 | H29: 0 | I29: 0 | J29: 0 | K29: 0 | L29: 0 | M29: 0 | N29: 0 | O29: 0 | P29: =SUM(D29:O29) -> 0
A30: 2.3.3 - PRODUCTOS DE PAPEL, CARTÓN E IMPRESOS | B30: ='P1 Presupuesto Aprobado'!C30 -> 1198462 | D30: 0 | E30: 0 | F30: 0 | G30: 0 | H30: 0 | I30: 0 | J30: 0 | K30: 0 | L30: 0 | M30: 0 | N30: 0 | O30: 0 | P30: =SUM(D30:O30) -> 0
A31: 2.3.4 - PRODUCTOS FARMACÉUTICOS | B31: ='P1 Presupuesto Aprobado'!C31 -> 22000000 | D31: 0 | E31: 0 | F31: 0 | G31: 0 | H31: 0 | I31: 0 | J31: 0 | K31: 0 | L31: 0 | M31: 0 | N31: 0 | O31: 0 | P31: =SUM(D31:O31) -> 0
A32: 2.3.5 - PRODUCTOS DE CUERO, CAUCHO Y PLÁSTICO | B32: ='P1 Presupuesto Aprobado'!C32 -> 0 | D32: 0 | E32: 0 | F32: 0 | G32: 0 | H32: 0 | I32: 0 | J32: 0 | K32: 0 | L32: 0 | M32: 0 | N32: 0 | O32: 0 | P32: =SUM(D32:O32) -> 0
A33: 2.3.6 - PRODUCTOS DE MINERALES, METÁLICOS Y NO METÁLICOS | B33: ='P1 Presupuesto Aprobado'!C33 -> 0 | D33: 0 | E33: 0 | F33: 0 | G33: 0 | H33: 0 | I33: 0 | J33: 0 | K33: 0 | L33: 0 | M33: 0 | N33: 0 | O33: 0 | P33: =SUM(D33:O33) -> 0
A34: 2.3.7 - COMBUSTIBLES, LUBRICANTES, PRODUCTOS QUÍMICOS Y CONEXOS | B34: ='P1 Presupuesto Aprobado'!C34 -> 6168400 | D34: 0 | E34: 0 | F34: 0 | G34: 0 | H34: 0 | I34: 0 | J34: 0 | K34: 0 | L34: 0 | M34: 0 | N34: 0 | O34: 0 | P34: =SUM(D34:O34) -> 0
A35: 2.3.8 - GASTOS QUE SE ASIGNARÁN DURANTE EL EJERCICIO (ART. 32 Y 33 LEY 423-06) | B35: ='P1 Presupuesto Aprobado'!C35 -> 0 | D35: 0 | E35: 0 | F35: 0 | G35: 0 | H35: 0 | I35: 0 | J35: 0 | K35: 0 | L35: 0 | M35: 0 | N35: 0 | O35: 0 | P35: =SUM(D35:O35) -> 0
A36: 2.3.9 - PRODUCTOS Y ÚTILES VARIOS | B36: ='P1 Presupuesto Aprobado'!C36 -> 1764554 | D36: 0 | E36: 0 | F36: 0 | G36: 0 | H36: 0 | I36: 0 | J36: 0 | K36: 0 | L36: 0 | M36: 0 | N36: 0 | O36: 0 | P36: =SUM(D36:O36) -> 0
A37: 2.4 - TRANSFERENCIAS CORRIENTES | B37: =SUM(B38:B44) -> 1100000 | C37: =SUM(C38:C44) -> 0 | D37: =SUM(D38:D44) -> 0 | E37: =SUM(E38:E44) -> 1100000 | F37: =SUM(F38:F44) -> 0 | G37: =SUM(G38:G44) -> 0 | H37: =SUM(H38:H44) -> 0 | I37: =SUM(I38:I44) -> 0 | ... P37: =SUM(P38:P44) -> 1100000
A38: 2.4.1 - TRANSFERENCIAS CORRIENTES AL SECTOR PRIVADO | B38: ='P1 Presupuesto Aprobado'!C38 -> 1100000 | D38: 0 | E38: 1100000 | F38: 0 | G38: 0 | H38: 0 | I38: 0 | J38: 0 | K38: 0 | L38: 0 | M38: 0 | N38: 0 | O38: 0 | P38: =SUM(D38:O38) -> 1100000
A39: 2.4.2 - TRANSFERENCIAS CORRIENTES AL GOBIERNO GENERAL NACIONAL | B39: ='P1 Presupuesto Aprobado'!C39 -> 0 | D39: 0 | E39: 0 | F39: 0 | G39: 0 | H39: 0 | I39: 0 | J39: 0 | K39: 0 | L39: 0 | M39: 0 | N39: 0 | O39: 0 | P39: =SUM(D39:O39) -> 0
A40: 2.4.3 - TRANSFERENCIAS CORRIENTES A GOBIERNOS GENERALES LOCALES | B40: ='P1 Presupuesto Aprobado'!C40 -> 0 | D40: 0 | E40: 0 | F40: 0 | G40: 0 | H40: 0 | I40: 0 | J40: 0 | K40: 0 | L40: 0 | M40: 0 | N40: 0 | O40: 0 | P40: =SUM(D40:O40) -> 0
A41: 2.4.4 - TRANSFERENCIAS CORRIENTES A EMPRESAS PÚBLICAS NO FINANCIERAS | B41: ='P1 Presupuesto Aprobado'!C41 -> 0 | C41: 0 | D41: 0 | E41: 0 | F41: 0 | G41: 0 | H41: 0 | I41: 0 | J41: 0 | K41: 0 | L41: 0 | M41: 0 | N41: 0 | O41: 0 | P41: =SUM(D41:O41) -> 0
A42: 2.4.5 - TRANSFERENCIAS CORRIENTES A INSTITUCIONES PÚBLICAS FINANCIERAS | B42: ='P1 Presupuesto Aprobado'!C42 -> 0 | C42: 0 | D42: 0 | E42: 0 | F42: 0 | G42: 0 | H42: 0 | I42: 0 | J42: 0 | K42: 0 | L42: 0 | M42: 0 | N42: 0 | O42: 0 | P42: =SUM(D42:O42) -> 0
A43: 2.4.7 - TRANSFERENCIAS CORRIENTES AL SECTOR EXTERNO | B43: ='P1 Presupuesto Aprobado'!C43 -> 0 | C43: 0 | D43: 0 | E43: 0 | F43: 0 | G43: 0 | H43: 0 | I43: 0 | J43: 0 | K43: 0 | L43: 0 | M43: 0 | N43: 0 | O43: 0 | P43: =SUM(D43:O43) -> 0
A44: 2.4.9 - TRANSFERENCIAS CORRIENTES A OTRAS INSTITUCIONES PÚBLICAS | B44: ='P1 Presupuesto Aprobado'!C44 -> 0 | C44: 0 | D44: 0 | E44: 0 | F44: 0 | G44: 0 | H44: 0 | I44: 0 | J44: 0 | K44: 0 | L44: 0 | M44: 0 | N44: 0 | O44: 0 | P44: =SUM(D44:O44) -> 0
A45: 2.5 - TRANSFERENCIAS DE CAPITAL | B45: =SUM(B46:B52) -> 0 | C45: =SUM(C46:C52) -> 0 | D45: =SUM(D46:D52) -> 0 | E45: =SUM(E46:E52) -> 0 | F45: =SUM(F46:F52) -> 0 | G45: =SUM(G46:G52) -> 0 | H45: =SUM(H46:H52) -> 0 | I45: =SUM(I46:I52) -> 0 | ... P45: =SUM(P46:P52) -> 0
A46: 2.5.1 - TRANSFERENCIAS DE CAPITAL AL SECTOR PRIVADO | B46: ='P1 Presupuesto Aprobado'!C46 -> 0 | C46: 0 | D46: 0 | E46: 0 | F46: 0 | G46: 0 | H46: 0 | I46: 0 | J46: 0 | K46: 0 | L46: 0 | M46: 0 | N46: 0 | O46: 0 | P46: =SUM(D46:O46) -> 0
A47: 2.5.2 - TRANSFERENCIAS DE CAPITAL AL GOBIERNO GENERAL NACIONAL | B47: ='P1 Presupuesto Aprobado'!C47 -> 0 | C47: 0 | D47: 0 | E47: 0 | F47: 0 | G47: 0 | H47: 0 | I47: 0 | J47: 0 | K47: 0 | L47: 0 | M47: 0 | N47: 0 | O47: 0 | P47: =SUM(D47:O47) -> 0
A48: 2.5.3 - TRANSFERENCIAS DE CAPITAL A GOBIERNOS GENERALES LOCALES | B48: ='P1 Presupuesto Aprobado'!C48 -> 0 | C48: 0 | D48: 0 | E48: 0 | F48: 0 | G48: 0 | H48: 0 | I48: 0 | J48: 0 | K48: 0 | L48: 0 | M48: 0 | N48: 0 | O48: 0 | P48: =SUM(D48:O48) -> 0
A49: 2.5.4 - TRANSFERENCIAS DE CAPITAL A EMPRESAS PÚBLICAS NO FINANCIERAS | B49: ='P1 Presupuesto Aprobado'!C49 -> 0 | C49: 0 | D49: 0 | E49: 0 | F49: 0 | G49: 0 | H49: 0 | I49: 0 | J49: 0 | K49: 0 | L49: 0 | M49: 0 | N49: 0 | O49: 0 | P49: =SUM(D49:O49) -> 0
A50: 2.5.5 - TRANSFERENCIAS DE CAPITAL A INSTITUCIONES PÚBLICAS FINANCIERAS | B50: ='P1 Presupuesto Aprobado'!C50 -> 0 | C50: 0 | D50: 0 | E50: 0 | F50: 0 | G50: 0 | H50: 0 | I50: 0 | J50: 0 | K50: 0 | L50: 0 | M50: 0 | N50: 0 | O50: 0 | P50: =SUM(D50:O50) -> 0
A51: 2.5.6 - TRANSFERENCIAS DE CAPITAL AL SECTOR EXTERNO | B51: ='P1 Presupuesto Aprobado'!C51 -> 0 | C51: 0 | D51: 0 | E51: 0 | F51: 0 | G51: 0 | H51: 0 | I51: 0 | J51: 0 | K51: 0 | L51: 0 | M51: 0 | N51: 0 | O51: 0 | P51: =SUM(D51:O51) -> 0
A52: 2.5.9 - TRANSFERENCIAS DE CAPITAL A OTRAS INSTITUCIONES PÚBLICAS | B52: ='P1 Presupuesto Aprobado'!C52 -> 0 | C52: 0 | D52: 0 | E52: 0 | F52: 0 | G52: 0 | H52: 0 | I52: 0 | J52: 0 | K52: 0 | L52: 0 | M52: 0 | N52: 0 | O52: 0 | P52: =SUM(D52:O52) -> 0
A53: 2.6 - BIENES MUEBLES, INMUEBLES E INTANGIBLES | B53: =SUM(B54:B62) -> 950000 | C53: =SUM(C54:C62) -> 0 | D53: =SUM(D54:D62) -> 0 | E53: =SUM(E54:E62) -> 0 | F53: =SUM(F54:F62) -> 0 | G53: =SUM(G54:G62) -> 0 | H53: =SUM(H54:H62) -> 0 | I53: =SUM(I54:I62) -> 0 | ... P53: =SUM(P54:P62) -> 0
A54: 2.6.1 - MOBILIARIO Y EQUIPO | B54: ='P1 Presupuesto Aprobado'!C54 -> 950000 | D54: 0 | E54: 0 | F54: 0 | G54: 0 | H54: 0 | I54: 0 | J54: 0 | K54: 0 | L54: 0 | M54: 0 | N54: 0 | O54: 0 | P54: =SUM(D54:O54) -> 0
A55: 2.6.2 - MOBILIARIO Y EQUIPO AUDIOVISUAL, RECREATIVO Y EDUCACIONAL | B55: ='P1 Presupuesto Aprobado'!C55 -> 0 | C55: 0 | D55: 0 | E55: 0 | F55: 0 | G55: 0 | H55: 0 | I55: 0 | J55: 0 | K55: 0 | L55: 0 | M55: 0 | N55: 0 | O55: 0 | P55: =SUM(D55:O55) -> 0
A56: 2.6.3 - EQUIPO E INSTRUMENTAL, CIENTÍFICO Y LABORATORIO | B56: ='P1 Presupuesto Aprobado'!C56 -> 0 | C56: 0 | D56: 0 | E56: 0 | F56: 0 | G56: 0 | H56: 0 | I56: 0 | J56: 0 | K56: 0 | L56: 0 | M56: 0 | N56: 0 | O56: 0 | P56: =SUM(D56:O56) -> 0
A57: 2.6.4 - VEHÍCULOS Y EQUIPO DE TRANSPORTE, TRACCIÓN Y ELEVACIÓN | B57: ='P1 Presupuesto Aprobado'!C57 -> 0 | C57: 0 | D57: 0 | E57: 0 | F57: 0 | G57: 0 | H57: 0 | I57: 0 | J57: 0 | K57: 0 | L57: 0 | M57: 0 | N57: 0 | O57: 0 | P57: =SUM(D57:O57) -> 0
A58: 2.6.5 - MAQUINARIA, OTROS EQUIPOS Y HERRAMIENTAS | B58: ='P1 Presupuesto Aprobado'!C58 -> 0 | C58: 0 | D58: 0 | E58: 0 | F58: 0 | G58: 0 | H58: 0 | I58: 0 | J58: 0 | K58: 0 | L58: 0 | M58: 0 | N58: 0 | O58: 0 | P58: =SUM(D58:O58) -> 0
A59: 2.6.6 - EQUIPOS DE DEFENSA Y SEGURIDAD | B59: ='P1 Presupuesto Aprobado'!C59 -> 0 | C59: 0 | D59: 0 | E59: 0 | F59: 0 | G59: 0 | H59: 0 | I59: 0 | J59: 0 | K59: 0 | L59: 0 | M59: 0 | N59: 0 | O59: 0 | P59: =SUM(D59:O59) -> 0
A60: 2.6.7 - ACTIVOS BIÓLOGICOS CULTIVABLES | B60: ='P1 Presupuesto Aprobado'!C60 -> 0 | C60: 0 | D60: 0 | E60: 0 | F60: 0 | G60: 0 | H60: 0 | I60: 0 | J60: 0 | K60: 0 | L60: 0 | M60: 0 | N60: 0 | O60: 0 | P60: =SUM(D60:O60) -> 0
A61: 2.6.8 - BIENES INTANGIBLES | B61: ='P1 Presupuesto Aprobado'!C61 -> 0 | C61: 0 | D61: 0 | E61: 0 | F61: 0 | G61: 0 | H61: 0 | I61: 0 | J61: 0 | K61: 0 | L61: 0 | M61: 0 | N61: 0 | O61: 0 | P61: =SUM(D61:O61) -> 0
A62: 2.6.9 - EDIFICIOS, ESTRUCTURAS, TIERRAS, TERRENOS Y OBJETOS DE VALOR | B62: ='P1 Presupuesto Aprobado'!C62 -> 0 | C62: 0 | D62: 0 | E62: 0 | F62: 0 | G62: 0 | H62: 0 | I62: 0 | J62: 0 | K62: 0 | L62: 0 | M62: 0 | N62: 0 | O62: 0 | P62: =SUM(D62:O62) -> 0
A63: 2.7 - OBRAS | B63: =SUM(B64:B67) -> 0 | C63: =SUM(C64:C67) -> 0 | D63: =SUM(D64:D67) -> 0 | E63: =SUM(E64:E67) -> 0 | F63: =SUM(F64:F67) -> 0 | G63: =SUM(G64:G67) -> 0 | H63: =SUM(H64:H67) -> 0 | I63: =SUM(I64:I67) -> 0 | ... P63: =SUM(P64:P67) -> 0
A64: 2.7.1 - OBRAS EN EDIFICACIONES | B64: ='P1 Presupuesto Aprobado'!C64 -> 0 | C64: 0 | D64: 0 | E64: 0 | F64: 0 | G64: 0 | H64: 0 | I64: 0 | J64: 0 | K64: 0 | L64: 0 | M64: 0 | N64: 0 | O64: 0 | P64: =SUM(D64:O64) -> 0
A65: 2.7.2 - INFRAESTRUCTURA | B65: ='P1 Presupuesto Aprobado'!C65 -> 0 | C65: 0 | D65: 0 | E65: 0 | F65: 0 | G65: 0 | H65: 0 | I65: 0 | J65: 0 | K65: 0 | L65: 0 | M65: 0 | N65: 0 | O65: 0 | P65: =SUM(D65:O65) -> 0
A66: 2.7.3 - CONSTRUCCIONES EN BIENES CONCESIONADOS | B66: ='P1 Presupuesto Aprobado'!C66 -> 0 | C66: 0 | D66: 0 | E66: 0 | F66: 0 | G66: 0 | H66: 0 | I66: 0 | J66: 0 | K66: 0 | L66: 0 | M66: 0 | N66: 0 | O66: 0 | P66: =SUM(D66:O66) -> 0
A67: 2.7.4 - GASTOS QUE SE ASIGNARÁN DURANTE EL EJERCICIO PARA INVERSIÓN (ART. 32 Y 33 LEY 423-06) | B67: ='P1 Presupuesto Aprobado'!C67 -> 0 | C67: 0 | D67: 0 | E67: 0 | F67: 0 | G67: 0 | H67: 0 | I67: 0 | J67: 0 | K67: 0 | L67: 0 | M67: 0 | N67: 0 | O67: 0 | P67: =SUM(D67:O67) -> 0
A68: 2.8 - ADQUISICION DE ACTIVOS FINANCIEROS CON FINES DE POLÍTICA | B68: =SUM(B69:B70) -> 0 | C68: =SUM(C69:C70) -> 0 | D68: =SUM(D69:D70) -> 0 | E68: =SUM(E69:E70) -> 0 | F68: =SUM(F69:F70) -> 0 | G68: =SUM(G69:G70) -> 0 | H68: =SUM(H69:H70) -> 0 | I68: =SUM(I69:I70) -> 0 | ... P68: =SUM(P69:P70) -> 0
A69: 2.8.1 - CONCESIÓN DE PRESTAMOS | B69: ='P1 Presupuesto Aprobado'!C69 -> 0 | C69: 0 | D69: 0 | E69: 0 | F69: 0 | G69: 0 | H69: 0 | I69: 0 | J69: 0 | K69: 0 | L69: 0 | M69: 0 | N69: 0 | O69: 0 | P69: =SUM(D69:O69) -> 0
A70: 2.8.2 - ADQUISICIÓN DE TÍTULOS VALORES REPRESENTATIVOS DE DEUDA | B70: ='P1 Presupuesto Aprobado'!C70 -> 0 | C70: 0 | D70: 0 | E70: 0 | F70: 0 | G70: 0 | H70: 0 | I70: 0 | J70: 0 | K70: 0 | L70: 0 | M70: 0 | N70: 0 | O70: 0 | P70: =SUM(D70:O70) -> 0
A71: 2.9 - GASTOS FINANCIEROS | B71: =SUM(B72:B74) -> 0 | C71: =SUM(C72:C74) -> 0 | D71: =SUM(D72:D74) -> 0 | E71: =SUM(E72:E74) -> 0 | F71: =SUM(F72:F74) -> 0 | G71: =SUM(G72:G74) -> 0 | H71: =SUM(H72:H74) -> 0 | I71: =SUM(I72:I74) -> 0 | ... P71: =SUM(P72:P74) -> 0
A72: 2.9.1 - INTERESES DE LA DEUDA PÚBLICA INTERNA | B72: ='P1 Presupuesto Aprobado'!C72 -> 0 | C72: 0 | D72: 0 | E72: 0 | F72: 0 | G72: 0 | H72: 0 | I72: 0 | J72: 0 | K72: 0 | L72: 0 | M72: 0 | N72: 0 | O72: 0 | P72: =SUM(D72:O72) -> 0
A73: 2.9.2 - INTERESES DE LA DEUDA PUBLICA EXTERNA | B73: ='P1 Presupuesto Aprobado'!C73 -> 0 | C73: 0 | D73: 0 | E73: 0 | F73: 0 | G73: 0 | H73: 0 | I73: 0 | J73: 0 | K73: 0 | L73: 0 | M73: 0 | N73: 0 | O73: 0 | P73: =SUM(D73:O73) -> 0
A74: 2.9.4 - COMISIONES Y OTROS GASTOS BANCARIOS DE LA DEUDA PÚBLICA | B74: ='P1 Presupuesto Aprobado'!C74 -> 0 | C74: 0 | D74: 0 | E74: 0 | F74: 0 | G74: 0 | H74: 0 | I74: 0 | J74: 0 | K74: 0 | L74: 0 | M74: 0 | N74: 0 | O74: 0 | P74: =SUM(D74:O74) -> 0
A75: Total Gastos | B75: =+B11+B17+B27+B37+B45+B53+B63+B68+B71 -> 488530366 | C75: =+C11+C17+C27+C37+C45+C53+C63+C68+C71 -> 0 | D75: =+D11+D17+D27+D37+D45+D53+D63+D68+D71 -> 21192468 | E75: =+E11+E17+E27+E37+E45+E53+E63+E68+E71 -> 22307198 | F75: =+F11+F17+F27+F37+F45+F53+F63+F68+F71 -> 0 | G75: =+G11+G17+G27+G37+G45+G53+G63+G68+G71 -> 0 | H75: =+H11+H17+H27+H37+H45+H53+H63+H68+H71 -> 0 | I75: =+I11+I17+I27+I37+I45+I53+I63+I68+I71 -> 0 | ... P75: =+P11+P17+P27+P37+P45+P53+P63+P68+P71 -> 43499666
D76: 0 | E76: 0 | F76: 0 | G76: 0 | H76: 0 | I76: 0 | J76: 0 | K76: 0 | L76: 0 | M76: 0 | N76: 0 | O76: 0 | P76: 0
A77: 4 - APLICACIONES FINANCIERAS | B77: ='P1 Presupuesto Aprobado'!C77 -> 0 | C77: 0 | D77: 0 | E77: 0 | F77: 0 | G77: 0 | H77: 0 | I77: 0 | J77: 0 | K77: 0 | L77: 0 | M77: 0 | N77: 0 | O77: 0 | P77: 0
A78: 4.1 - INCREMENTO DE ACTIVOS FINANCIEROS | B78: =SUM(B79:B80) -> 0 | C78: =SUM(C79:C80) -> 0 | D78: =SUM(D79:D80) -> 0 | E78: =SUM(E79:E80) -> 0 | F78: =SUM(F79:F80) -> 0 | G78: =SUM(G79:G80) -> 0 | H78: =SUM(H79:H80) -> 0 | I78: =SUM(I79:I80) -> 0 | ... P78: =SUM(P79:P80) -> 0
A79: 4.1.1 - INCREMENTO DE ACTIVOS FINANCIEROS CORRIENTES | B79: ='P1 Presupuesto Aprobado'!C82 -> 0 | C79: 0 | D79: 0 | E79: 0 | F79: 0 | G79: 0 | H79: 0 | I79: 0 | J79: 0 | K79: 0 | L79: 0 | M79: 0 | N79: 0 | O79: 0 | P79: =SUM(D79:O79) -> 0
A80: 4.1.2 - INCREMENTO DE ACTIVOS FINANCIEROS NO CORRIENTES | B80: ='P1 Presupuesto Aprobado'!C83 -> 0 | C80: 0 | D80: 0 | E80: 0 | F80: 0 | G80: 0 | H80: 0 | I80: 0 | J80: 0 | K80: 0 | L80: 0 | M80: 0 | N80: 0 | O80: 0 | P80: =SUM(D80:O80) -> 0
A81: 4.2 - DISMINUCIÓN DE PASIVOS | B81: =SUM(B82:B83) -> 0 | C81: =SUM(C82:C83) -> 0 | D81: =SUM(D82:D83) -> 0 | E81: =SUM(E82:E83) -> 0 | F81: =SUM(F82:F83) -> 0 | G81: =SUM(G82:G83) -> 0 | H81: =SUM(H82:H83) -> 0 | I81: =SUM(I82:I83) -> 0 | ... P81: =SUM(P82:P83) -> 0
A82: 4.2.1 - DISMINUCIÓN DE PASIVOS CORRIENTES | B82: ='P1 Presupuesto Aprobado'!C85 -> 0 | C82: 0 | D82: 0 | E82: 0 | F82: 0 | G82: 0 | H82: 0 | I82: 0 | J82: 0 | K82: 0 | L82: 0 | M82: 0 | N82: 0 | O82: 0 | P82: =SUM(D82:O82) -> 0
A83: 4.2.2 - DISMINUCIÓN DE PASIVOS NO CORRIENTES | B83: ='P1 Presupuesto Aprobado'!C86 -> 0 | C83: 0 | D83: 0 | E83: 0 | F83: 0 | G83: 0 | H83: 0 | I83: 0 | J83: 0 | K83: 0 | L83: 0 | M83: 0 | N83: 0 | O83: 0 | P83: =SUM(D83:O83) -> 0
A84: 4.3 - DISMINUCIÓN DE FONDOS DE TERCEROS | B84: =SUM(B85) -> 0 | C84: =SUM(C85) -> 0 | D84: =SUM(D85) -> 0 | E84: =SUM(E85) -> 0 | F84: =SUM(F85) -> 0 | G84: =SUM(G85) -> 0 | H84: =SUM(H85) -> 0 | I84: =SUM(I85) -> 0 | ... P84: =SUM(P85) -> 0
A85: 4.3.5 - DISMINUCIÓN DEPÓSITOS FONDOS DE TERCEROS | B85: ='P1 Presupuesto Aprobado'!C88 -> 0 | C85: 0 | D85: 0 | E85: 0 | F85: 0 | G85: 0 | H85: 0 | I85: 0 | J85: 0 | K85: 0 | L85: 0 | M85: 0 | N85: 0 | O85: 0 | P85: =SUM(D85:O85) -> 0
A86: TOTAL APLICACIONES FINANCIERAS | B86: =+B78+B81+B84 -> 0 | C86: =+C78+C81+C84 -> 0 | D86: =+D78+D81+D84 -> 0 | E86: =+E78+E81+E84 -> 0 | F86: =+F78+F81+F84 -> 0 | G86: =+G78+G81+G84 -> 0 | H86: =+H78+H81+H84 -> 0 | I86: =+I78+I81+I84 -> 0 | ... P86: =+P78+P81+P84 -> 0
A88: TOTAL GASTOS Y APLICACIONES FINANCIERAS | B88: =+B75+B86 -> 488530366 | C88: =+C75+C86 -> 0 | D88: =+D75+D86 -> 21192468 | E88: =+E75+E86 -> 22307198 | F88: =+F75+F86 -> 0 | G88: =+G75+G86 -> 0 | H88: =+H75+H86 -> 0 | I88: =+I75+I86 -> 0 | ... P88: =+P75+P86 -> 43499666
A91: Presupuesto Aprobado: | L91: Notas:
A92: Se refiere al presupuesto aprobado en la Ley de Presupuesto General del Estado. | L92: 1. Gasto devengado.
L93: 2. Se presenta el gasto por mes; cada mes se deben actualizar los gastos devengados de los meses anteriores.
A94: Presupuesto Modificado:
A95: Se refiere al presupuesto aprobado en caso de que el Congreso Nacional apruebe un presupuesto complementario. | L95: 3. Se presenta la clasificacion objetal del gasto a nivel de cuenta.
L96: 4. Fecha de imputación: último día del mes analizado.
A97: Total Devengado: | L97: 5. Fecha de registro: el dia 10 del mes siguiente al mes analizado.
A98: Son los recursos financieros que surgen con la obligación de pago por la recepción de conformidad de obras, bienes y servicios oportunamente contratados o, en los casos de gastos sin contraprestación, por haberse cumplido los requisitos administrativos dispuestos por el reglamento de la presente ley.
L99: Fuente: [Reporte del SIGEF]
L100: =+'P1 Presupuesto Aprobado'!C111 -> Fecha de registro: desde el dia [01] de [enero] al [28] de [febrero] del [2026].
L101: =+L100 -> Fecha de registro: desde el dia [01] de [enero] al [28] de [febrero] del [2026].
A103: =+'P1 Presupuesto Aprobado'!A109:B109 -> LIC. ANTONIO ALVAREZ SANTOS,
A104: =+'P1 Presupuesto Aprobado'!A110:B110 -> Mayor, P.N.
A105: =+'P1 Presupuesto Aprobado'!A111:B111 -> Director de Área Administrativo y Financiero

Sheet P3 Ejecucion
A1: POLICIA NACIONAL
A2: COMITÉ DE RETIRO DE LA POLICIA NACIONAL
A3: AÑO 2026
A5: Ejecución de Gastos y Aplicaciones Financieras
A6: En RD$
A7: |
A8: Detalle | B8: Gasto devengado
B9: Enero | C9: Febrero | D9: Marzo | E9: Abril | F9: Mayo | G9: Junio | H9: Julio | I9: Agosto | J9: Septiembre | K9: Octubre | L9: Noviembre | M9: Diciembre | N9: Total
A10: 2 - GASTOS
A11: 2.1 - REMUNERACIONES Y CONTRIBUCIONES | B11: =SUM(B12:B16) -> 4085023 | C11: =SUM(C12:C16) -> 4079813 | D11: =SUM(D12:D16) -> 0 | E11: =SUM(E12:E16) -> 0 | F11: =SUM(F12:F16) -> 0 | G11: =SUM(G12:G16) -> 0 | H11: =SUM(H12:H16) -> 0 | I11: =SUM(I12:I16) -> 0 | ... N11: =SUM(N12:N16) -> 8164836
A12: 2.1.1 - REMUNERACIONES | B12: =+'P2 Presupuesto Aprobado-Ejec'!D12 -> 3213000 | C12: =+'P2 Presupuesto Aprobado-Ejec'!E12 -> 3203000 | D12: =+'P2 Presupuesto Aprobado-Ejec'!F12 -> 0 | E12: =+'P2 Presupuesto Aprobado-Ejec'!G12 -> 0 | F12: =+'P2 Presupuesto Aprobado-Ejec'!H12 -> 0 | G12: =+'P2 Presupuesto Aprobado-Ejec'!I12 -> 0 | H12: =+'P2 Presupuesto Aprobado-Ejec'!J12 -> 0 | I12: =+'P2 Presupuesto Aprobado-Ejec'!K12 -> 0 | ... M12: =+'P2 Presupuesto Aprobado-Ejec'!O12 -> 0 | N12: =SUM(B12:M12) -> 6416000
A13: 2.1.2 - SOBRESUELDOS | B13: =+'P2 Presupuesto Aprobado-Ejec'!D13 -> 643900 | C13: =+'P2 Presupuesto Aprobado-Ejec'!E13 -> 649400 | D13: =+'P2 Presupuesto Aprobado-Ejec'!F13 -> 0 | E13: =+'P2 Presupuesto Aprobado-Ejec'!G13 -> 0 | F13: =+'P2 Presupuesto Aprobado-Ejec'!H13 -> 0 | G13: =+'P2 Presupuesto Aprobado-Ejec'!I13 -> 0 | H13: =+'P2 Presupuesto Aprobado-Ejec'!J13 -> 0 | I13: =+'P2 Presupuesto Aprobado-Ejec'!K13 -> 0 | ... M13: =+'P2 Presupuesto Aprobado-Ejec'!O13 -> 0 | N13: =SUM(B13:M13) -> 1293300
A14: 2.1.3 - DIETAS Y GASTOS DE REPRESENTACIÓN | B14: =+'P2 Presupuesto Aprobado-Ejec'!D14 -> 0 | C14: =+'P2 Presupuesto Aprobado-Ejec'!E14 -> 0 | D14: =+'P2 Presupuesto Aprobado-Ejec'!F14 -> 0 | E14: =+'P2 Presupuesto Aprobado-Ejec'!G14 -> 0 | F14: =+'P2 Presupuesto Aprobado-Ejec'!H14 -> 0 | G14: =+'P2 Presupuesto Aprobado-Ejec'!I14 -> 0 | H14: =+'P2 Presupuesto Aprobado-Ejec'!J14 -> 0 | I14: =+'P2 Presupuesto Aprobado-Ejec'!K14 -> 0 | ... M14: =+'P2 Presupuesto Aprobado-Ejec'!O14 -> 0 | N14: =SUM(B14:M14) -> 0
A15: 2.1.4 - GRATIFICACIONES Y BONIFICACIONES | B15: =+'P2 Presupuesto Aprobado-Ejec'!D15 -> 0 | C15: =+'P2 Presupuesto Aprobado-Ejec'!E15 -> 0 | D15: =+'P2 Presupuesto Aprobado-Ejec'!F15 -> 0 | E15: =+'P2 Presupuesto Aprobado-Ejec'!G15 -> 0 | F15: =+'P2 Presupuesto Aprobado-Ejec'!H15 -> 0 | G15: =+'P2 Presupuesto Aprobado-Ejec'!I15 -> 0 | H15: =+'P2 Presupuesto Aprobado-Ejec'!J15 -> 0 | I15: =+'P2 Presupuesto Aprobado-Ejec'!K15 -> 0 | ... M15: =+'P2 Presupuesto Aprobado-Ejec'!O15 -> 0 | N15: =SUM(B15:M15) -> 0
A16: 2.1.5 - CONTRIBUCIONES A LA SEGURIDAD SOCIAL | B16: =+'P2 Presupuesto Aprobado-Ejec'!D16 -> 228123 | C16: =+'P2 Presupuesto Aprobado-Ejec'!E16 -> 227413 | D16: =+'P2 Presupuesto Aprobado-Ejec'!F16 -> 0 | E16: =+'P2 Presupuesto Aprobado-Ejec'!G16 -> 0 | F16: =+'P2 Presupuesto Aprobado-Ejec'!H16 -> 0 | G16: =+'P2 Presupuesto Aprobado-Ejec'!I16 -> 0 | H16: =+'P2 Presupuesto Aprobado-Ejec'!J16 -> 0 | I16: =+'P2 Presupuesto Aprobado-Ejec'!K16 -> 0 | ... M16: =+'P2 Presupuesto Aprobado-Ejec'!O16 -> 0 | N16: =SUM(B16:M16) -> 455536
A17: 2.2 - CONTRATACIÓN DE SERVICIOS | B17: =SUM(B18:B26) -> 17107445 | C17: =SUM(C18:C26) -> 17127385 | D17: =SUM(D18:D26) -> 0 | E17: =SUM(E18:E26) -> 0 | F17: =SUM(F18:F26) -> 0 | G17: =SUM(G18:G26) -> 0 | H17: =SUM(H18:H26) -> 0 | I17: =SUM(I18:I26) -> 0 | ... N17: =SUM(N18:N26) -> 34234830
A18: 2.2.1 - SERVICIOS BÁSICOS | B18: =+'P2 Presupuesto Aprobado-Ejec'!D18 -> 104230.88 | C18: =+'P2 Presupuesto Aprobado-Ejec'!E18 -> 77372.1 | D18: =+'P2 Presupuesto Aprobado-Ejec'!F18 -> 0 | E18: =+'P2 Presupuesto Aprobado-Ejec'!G18 -> 0 | F18: =+'P2 Presupuesto Aprobado-Ejec'!H18 -> 0 | G18: =+'P2 Presupuesto Aprobado-Ejec'!I18 -> 0 | H18: =+'P2 Presupuesto Aprobado-Ejec'!J18 -> 0 | I18: =+'P2 Presupuesto Aprobado-Ejec'!K18 -> 0 | ... M18: =+'P2 Presupuesto Aprobado-Ejec'!O18 -> 0 | N18: =SUM(B18:M18) -> 181602.98
A19: 2.2.2 - PUBLICIDAD, IMPRESIÓN Y ENCUADERNACIÓN | B19: =+'P2 Presupuesto Aprobado-Ejec'!D19 -> 0 | C19: =+'P2 Presupuesto Aprobado-Ejec'!E19 -> 0 | D19: =+'P2 Presupuesto Aprobado-Ejec'!F19 -> 0 | E19: =+'P2 Presupuesto Aprobado-Ejec'!G19 -> 0 | F19: =+'P2 Presupuesto Aprobado-Ejec'!H19 -> 0 | G19: =+'P2 Presupuesto Aprobado-Ejec'!I19 -> 0 | H19: =+'P2 Presupuesto Aprobado-Ejec'!J19 -> 0 | I19: =+'P2 Presupuesto Aprobado-Ejec'!K19 -> 0 | ... M19: =+'P2 Presupuesto Aprobado-Ejec'!O19 -> 0 | N19: =SUM(B19:M19) -> 0
A20: 2.2.3 - VIÁTICOS | B20: =+'P2 Presupuesto Aprobado-Ejec'!D20 -> 0 | C20: =+'P2 Presupuesto Aprobado-Ejec'!E20 -> 0 | D20: =+'P2 Presupuesto Aprobado-Ejec'!F20 -> 0 | E20: =+'P2 Presupuesto Aprobado-Ejec'!G20 -> 0 | F20: =+'P2 Presupuesto Aprobado-Ejec'!H20 -> 0 | G20: =+'P2 Presupuesto Aprobado-Ejec'!I20 -> 0 | H20: =+'P2 Presupuesto Aprobado-Ejec'!J20 -> 0 | I20: =+'P2 Presupuesto Aprobado-Ejec'!K20 -> 0 | ... M20: =+'P2 Presupuesto Aprobado-Ejec'!O20 -> 0 | N20: =SUM(B20:M20) -> 0
A21: 2.2.4 - TRANSPORTE Y ALMACENAJE | B21: =+'P2 Presupuesto Aprobado-Ejec'!D21 -> 0 | C21: =+'P2 Presupuesto Aprobado-Ejec'!E21 -> 0 | D21: =+'P2 Presupuesto Aprobado-Ejec'!F21 -> 0 | E21: =+'P2 Presupuesto Aprobado-Ejec'!G21 -> 0 | F21: =+'P2 Presupuesto Aprobado-Ejec'!H21 -> 0 | G21: =+'P2 Presupuesto Aprobado-Ejec'!I21 -> 0 | H21: =+'P2 Presupuesto Aprobado-Ejec'!J21 -> 0 | I21: =+'P2 Presupuesto Aprobado-Ejec'!K21 -> 0 | ... M21: =+'P2 Presupuesto Aprobado-Ejec'!O21 -> 0 | N21: =SUM(B21:M21) -> 0
A22: 2.2.5 - ALQUILERES Y RENTAS | B22: =+'P2 Presupuesto Aprobado-Ejec'!D22 -> 0 | C22: =+'P2 Presupuesto Aprobado-Ejec'!E22 -> 0 | D22: =+'P2 Presupuesto Aprobado-Ejec'!F22 -> 0 | E22: =+'P2 Presupuesto Aprobado-Ejec'!G22 -> 0 | F22: =+'P2 Presupuesto Aprobado-Ejec'!H22 -> 0 | G22: =+'P2 Presupuesto Aprobado-Ejec'!I22 -> 0 | H22: =+'P2 Presupuesto Aprobado-Ejec'!J22 -> 0 | I22: =+'P2 Presupuesto Aprobado-Ejec'!K22 -> 0 | ... M22: =+'P2 Presupuesto Aprobado-Ejec'!O22 -> 0 | N22: =SUM(B22:M22) -> 0
A23: 2.2.6 - SEGUROS | B23: =+'P2 Presupuesto Aprobado-Ejec'!D23 -> 17003214 | C23: =+'P2 Presupuesto Aprobado-Ejec'!E23 -> 17050013 | D23: =+'P2 Presupuesto Aprobado-Ejec'!F23 -> 0 | E23: =+'P2 Presupuesto Aprobado-Ejec'!G23 -> 0 | F23: =+'P2 Presupuesto Aprobado-Ejec'!H23 -> 0 | G23: =+'P2 Presupuesto Aprobado-Ejec'!I23 -> 0 | H23: =+'P2 Presupuesto Aprobado-Ejec'!J23 -> 0 | I23: =+'P2 Presupuesto Aprobado-Ejec'!K23 -> 0 | ... M23: =+'P2 Presupuesto Aprobado-Ejec'!O23 -> 0 | N23: =SUM(B23:M23) -> 34053227
A24: 2.2.7 - SERVICIOS DE CONSERVACIÓN, REPARACIONES MENORES E INSTALACIONES TEMPORALES | B24: =+'P2 Presupuesto Aprobado-Ejec'!D24 -> 0 | C24: =+'P2 Presupuesto Aprobado-Ejec'!E24 -> 0 | D24: =+'P2 Presupuesto Aprobado-Ejec'!F24 -> 0 | E24: =+'P2 Presupuesto Aprobado-Ejec'!G24 -> 0 | F24: =+'P2 Presupuesto Aprobado-Ejec'!H24 -> 0 | G24: =+'P2 Presupuesto Aprobado-Ejec'!I24 -> 0 | H24: =+'P2 Presupuesto Aprobado-Ejec'!J24 -> 0 | I24: =+'P2 Presupuesto Aprobado-Ejec'!K24 -> 0 | ... M24: =+'P2 Presupuesto Aprobado-Ejec'!O24 -> 0 | N24: =SUM(B24:M24) -> 0
A25: 2.2.8 - OTROS SERVICIOS NO INCLUIDOS EN CONCEPTOS ANTERIORES | B25: =+'P2 Presupuesto Aprobado-Ejec'!D25 -> 0 | C25: =+'P2 Presupuesto Aprobado-Ejec'!E25 -> 0 | D25: =+'P2 Presupuesto Aprobado-Ejec'!F25 -> 0 | E25: =+'P2 Presupuesto Aprobado-Ejec'!G25 -> 0 | F25: =+'P2 Presupuesto Aprobado-Ejec'!H25 -> 0 | G25: =+'P2 Presupuesto Aprobado-Ejec'!I25 -> 0 | H25: =+'P2 Presupuesto Aprobado-Ejec'!J25 -> 0 | I25: =+'P2 Presupuesto Aprobado-Ejec'!K25 -> 0 | ... M25: =+'P2 Presupuesto Aprobado-Ejec'!O25 -> 0 | N25: =SUM(B25:M25) -> 0
A26: 2.2.9 - OTRAS CONTRATACIONES DE SERVICIOS | B26: =+'P2 Presupuesto Aprobado-Ejec'!D26 -> 0 | C26: =+'P2 Presupuesto Aprobado-Ejec'!E26 -> 0 | D26: =+'P2 Presupuesto Aprobado-Ejec'!F26 -> 0 | E26: =+'P2 Presupuesto Aprobado-Ejec'!G26 -> 0 | F26: =+'P2 Presupuesto Aprobado-Ejec'!H26 -> 0 | G26: =+'P2 Presupuesto Aprobado-Ejec'!I26 -> 0 | H26: =+'P2 Presupuesto Aprobado-Ejec'!J26 -> 0 | I26: =+'P2 Presupuesto Aprobado-Ejec'!K26 -> 0 | ... M26: =+'P2 Presupuesto Aprobado-Ejec'!O26 -> 0 | N26: =SUM(B26:M26) -> 0
A27: 2.3 - MATERIALES Y SUMINISTROS | B27: =SUM(B28:B36) -> 0 | C27: =SUM(C28:C36) -> 0 | D27: =SUM(D28:D36) -> 0 | E27: =SUM(E28:E36) -> 0 | F27: =SUM(F28:F36) -> 0 | G27: =SUM(G28:G36) -> 0 | H27: =SUM(H28:H36) -> 0 | I27: =SUM(I28:I36) -> 0 | ... N27: =SUM(N28:N36) -> 0
A28: 2.3.1 - ALIMENTOS Y PRODUCTOS AGROFORESTALES | B28: =+'P2 Presupuesto Aprobado-Ejec'!D28 -> 0 | C28: =+'P2 Presupuesto Aprobado-Ejec'!E28 -> 0 | D28: =+'P2 Presupuesto Aprobado-Ejec'!F28 -> 0 | E28: =+'P2 Presupuesto Aprobado-Ejec'!G28 -> 0 | F28: =+'P2 Presupuesto Aprobado-Ejec'!H28 -> 0 | G28: =+'P2 Presupuesto Aprobado-Ejec'!I28 -> 0 | H28: =+'P2 Presupuesto Aprobado-Ejec'!J28 -> 0 | I28: =+'P2 Presupuesto Aprobado-Ejec'!K28 -> 0 | ... M28: =+'P2 Presupuesto Aprobado-Ejec'!O28 -> 0 | N28: =SUM(B28:M28) -> 0
A29: 2.3.2 - TEXTILES Y VESTUARIOS | B29: =+'P2 Presupuesto Aprobado-Ejec'!D29 -> 0 | C29: =+'P2 Presupuesto Aprobado-Ejec'!E29 -> 0 | D29: =+'P2 Presupuesto Aprobado-Ejec'!F29 -> 0 | E29: =+'P2 Presupuesto Aprobado-Ejec'!G29 -> 0 | F29: =+'P2 Presupuesto Aprobado-Ejec'!H29 -> 0 | G29: =+'P2 Presupuesto Aprobado-Ejec'!I29 -> 0 | H29: =+'P2 Presupuesto Aprobado-Ejec'!J29 -> 0 | I29: =+'P2 Presupuesto Aprobado-Ejec'!K29 -> 0 | ... M29: =+'P2 Presupuesto Aprobado-Ejec'!O29 -> 0 | N29: =SUM(B29:M29) -> 0
A30: 2.3.3 - PRODUCTOS DE PAPEL, CARTÓN E IMPRESOS | B30: =+'P2 Presupuesto Aprobado-Ejec'!D30 -> 0 | C30: =+'P2 Presupuesto Aprobado-Ejec'!E30 -> 0 | D30: =+'P2 Presupuesto Aprobado-Ejec'!F30 -> 0 | E30: =+'P2 Presupuesto Aprobado-Ejec'!G30 -> 0 | F30: =+'P2 Presupuesto Aprobado-Ejec'!H30 -> 0 | G30: =+'P2 Presupuesto Aprobado-Ejec'!I30 -> 0 | H30: =+'P2 Presupuesto Aprobado-Ejec'!J30 -> 0 | I30: =+'P2 Presupuesto Aprobado-Ejec'!K30 -> 0 | ... M30: =+'P2 Presupuesto Aprobado-Ejec'!O30 -> 0 | N30: =SUM(B30:M30) -> 0
A31: 2.3.4 - PRODUCTOS FARMACÉUTICOS | B31: =+'P2 Presupuesto Aprobado-Ejec'!D31 -> 0 | C31: =+'P2 Presupuesto Aprobado-Ejec'!E31 -> 0 | D31: =+'P2 Presupuesto Aprobado-Ejec'!F31 -> 0 | E31: =+'P2 Presupuesto Aprobado-Ejec'!G31 -> 0 | F31: =+'P2 Presupuesto Aprobado-Ejec'!H31 -> 0 | G31: =+'P2 Presupuesto Aprobado-Ejec'!I31 -> 0 | H31: =+'P2 Presupuesto Aprobado-Ejec'!J31 -> 0 | I31: =+'P2 Presupuesto Aprobado-Ejec'!K31 -> 0 | ... M31: =+'P2 Presupuesto Aprobado-Ejec'!O31 -> 0 | N31: =SUM(B31:M31) -> 0
A32: 2.3.5 - PRODUCTOS DE CUERO, CAUCHO Y PLÁSTICO | B32: =+'P2 Presupuesto Aprobado-Ejec'!D32 -> 0 | C32: =+'P2 Presupuesto Aprobado-Ejec'!E32 -> 0 | D32: =+'P2 Presupuesto Aprobado-Ejec'!F32 -> 0 | E32: =+'P2 Presupuesto Aprobado-Ejec'!G32 -> 0 | F32: =+'P2 Presupuesto Aprobado-Ejec'!H32 -> 0 | G32: =+'P2 Presupuesto Aprobado-Ejec'!I32 -> 0 | H32: =+'P2 Presupuesto Aprobado-Ejec'!J32 -> 0 | I32: =+'P2 Presupuesto Aprobado-Ejec'!K32 -> 0 | ... M32: =+'P2 Presupuesto Aprobado-Ejec'!O32 -> 0 | N32: =SUM(B32:M32) -> 0
A33: 2.3.6 - PRODUCTOS DE MINERALES, METÁLICOS Y NO METÁLICOS | B33: =+'P2 Presupuesto Aprobado-Ejec'!D33 -> 0 | C33: =+'P2 Presupuesto Aprobado-Ejec'!E33 -> 0 | D33: =+'P2 Presupuesto Aprobado-Ejec'!F33 -> 0 | E33: =+'P2 Presupuesto Aprobado-Ejec'!G33 -> 0 | F33: =+'P2 Presupuesto Aprobado-Ejec'!H33 -> 0 | G33: =+'P2 Presupuesto Aprobado-Ejec'!I33 -> 0 | H33: =+'P2 Presupuesto Aprobado-Ejec'!J33 -> 0 | I33: =+'P2 Presupuesto Aprobado-Ejec'!K33 -> 0 | ... M33: =+'P2 Presupuesto Aprobado-Ejec'!O33 -> 0 | N33: =SUM(B33:M33) -> 0
A34: 2.3.7 - COMBUSTIBLES, LUBRICANTES, PRODUCTOS QUÍMICOS Y CONEXOS | B34: =+'P2 Presupuesto Aprobado-Ejec'!D34 -> 0 | C34: =+'P2 Presupuesto Aprobado-Ejec'!E34 -> 0 | D34: =+'P2 Presupuesto Aprobado-Ejec'!F34 -> 0 | E34: =+'P2 Presupuesto Aprobado-Ejec'!G34 -> 0 | F34: =+'P2 Presupuesto Aprobado-Ejec'!H34 -> 0 | G34: =+'P2 Presupuesto Aprobado-Ejec'!I34 -> 0 | H34: =+'P2 Presupuesto Aprobado-Ejec'!J34 -> 0 | I34: =+'P2 Presupuesto Aprobado-Ejec'!K34 -> 0 | ... M34: =+'P2 Presupuesto Aprobado-Ejec'!O34 -> 0 | N34: =SUM(B34:M34) -> 0
A35: 2.3.8 - GASTOS QUE SE ASIGNARÁN DURANTE EL EJERCICIO (ART. 32 Y 33 LEY 423-06) | B35: =+'P2 Presupuesto Aprobado-Ejec'!D35 -> 0 | C35: =+'P2 Presupuesto Aprobado-Ejec'!E35 -> 0 | D35: =+'P2 Presupuesto Aprobado-Ejec'!F35 -> 0 | E35: =+'P2 Presupuesto Aprobado-Ejec'!G35 -> 0 | F35: =+'P2 Presupuesto Aprobado-Ejec'!H35 -> 0 | G35: =+'P2 Presupuesto Aprobado-Ejec'!I35 -> 0 | H35: =+'P2 Presupuesto Aprobado-Ejec'!J35 -> 0 | I35: =+'P2 Presupuesto Aprobado-Ejec'!K35 -> 0 | ... M35: =+'P2 Presupuesto Aprobado-Ejec'!O35 -> 0 | N35: =SUM(B35:M35) -> 0
A36: 2.3.9 - PRODUCTOS Y ÚTILES VARIOS | B36: =+'P2 Presupuesto Aprobado-Ejec'!D36 -> 0 | C36: =+'P2 Presupuesto Aprobado-Ejec'!E36 -> 0 | D36: =+'P2 Presupuesto Aprobado-Ejec'!F36 -> 0 | E36: =+'P2 Presupuesto Aprobado-Ejec'!G36 -> 0 | F36: =+'P2 Presupuesto Aprobado-Ejec'!H36 -> 0 | G36: =+'P2 Presupuesto Aprobado-Ejec'!I36 -> 0 | H36: =+'P2 Presupuesto Aprobado-Ejec'!J36 -> 0 | I36: =+'P2 Presupuesto Aprobado-Ejec'!K36 -> 0 | ... M36: =+'P2 Presupuesto Aprobado-Ejec'!O36 -> 0 | N36: =SUM(B36:M36) -> 0
A37: 2.4 - TRANSFERENCIAS CORRIENTES | B37: =SUM(B38:B44) -> 0 | C37: =SUM(C38:C44) -> 1100000 | D37: =SUM(D38:D44) -> 0 | E37: =SUM(E38:E44) -> 0 | F37: =SUM(F38:F44) -> 0 | G37: =SUM(G38:G44) -> 0 | H37: =SUM(H38:H44) -> 0 | I37: =SUM(I38:I44) -> 0 | ... N37: =SUM(N38:N44) -> 1100000
A38: 2.4.1 - TRANSFERENCIAS CORRIENTES AL SECTOR PRIVADO | B38: =+'P2 Presupuesto Aprobado-Ejec'!D38 -> 0 | C38: =+'P2 Presupuesto Aprobado-Ejec'!E38 -> 1100000 | D38: =+'P2 Presupuesto Aprobado-Ejec'!F38 -> 0 | E38: =+'P2 Presupuesto Aprobado-Ejec'!G38 -> 0 | F38: =+'P2 Presupuesto Aprobado-Ejec'!H38 -> 0 | G38: =+'P2 Presupuesto Aprobado-Ejec'!I38 -> 0 | H38: =+'P2 Presupuesto Aprobado-Ejec'!J38 -> 0 | I38: =+'P2 Presupuesto Aprobado-Ejec'!K38 -> 0 | ... M38: =+'P2 Presupuesto Aprobado-Ejec'!O38 -> 0 | N38: =SUM(B38:M38) -> 1100000
A39: 2.4.2 - TRANSFERENCIAS CORRIENTES AL GOBIERNO GENERAL NACIONAL | B39: =+'P2 Presupuesto Aprobado-Ejec'!D39 -> 0 | C39: =+'P2 Presupuesto Aprobado-Ejec'!E39 -> 0 | D39: =+'P2 Presupuesto Aprobado-Ejec'!F39 -> 0 | E39: =+'P2 Presupuesto Aprobado-Ejec'!G39 -> 0 | F39: =+'P2 Presupuesto Aprobado-Ejec'!H39 -> 0 | G39: =+'P2 Presupuesto Aprobado-Ejec'!I39 -> 0 | H39: =+'P2 Presupuesto Aprobado-Ejec'!J39 -> 0 | I39: =+'P2 Presupuesto Aprobado-Ejec'!K39 -> 0 | ... M39: =+'P2 Presupuesto Aprobado-Ejec'!O39 -> 0 | N39: =SUM(B39:M39) -> 0
A40: 2.4.3 - TRANSFERENCIAS CORRIENTES A GOBIERNOS GENERALES LOCALES | B40: =+'P2 Presupuesto Aprobado-Ejec'!D40 -> 0 | C40: =+'P2 Presupuesto Aprobado-Ejec'!E40 -> 0 | D40: =+'P2 Presupuesto Aprobado-Ejec'!F40 -> 0 | E40: =+'P2 Presupuesto Aprobado-Ejec'!G40 -> 0 | F40: =+'P2 Presupuesto Aprobado-Ejec'!H40 -> 0 | G40: =+'P2 Presupuesto Aprobado-Ejec'!I40 -> 0 | H40: =+'P2 Presupuesto Aprobado-Ejec'!J40 -> 0 | I40: =+'P2 Presupuesto Aprobado-Ejec'!K40 -> 0 | ... M40: =+'P2 Presupuesto Aprobado-Ejec'!O40 -> 0 | N40: =SUM(B40:M40) -> 0
A41: 2.4.4 - TRANSFERENCIAS CORRIENTES A EMPRESAS PÚBLICAS NO FINANCIERAS | B41: =+'P2 Presupuesto Aprobado-Ejec'!D41 -> 0 | C41: =+'P2 Presupuesto Aprobado-Ejec'!E41 -> 0 | D41: =+'P2 Presupuesto Aprobado-Ejec'!F41 -> 0 | E41: =+'P2 Presupuesto Aprobado-Ejec'!G41 -> 0 | F41: =+'P2 Presupuesto Aprobado-Ejec'!H41 -> 0 | G41: =+'P2 Presupuesto Aprobado-Ejec'!I41 -> 0 | H41: =+'P2 Presupuesto Aprobado-Ejec'!J41 -> 0 | I41: =+'P2 Presupuesto Aprobado-Ejec'!K41 -> 0 | ... M41: =+'P2 Presupuesto Aprobado-Ejec'!O41 -> 0 | N41: =SUM(B41:M41) -> 0
A42: 2.4.5 - TRANSFERENCIAS CORRIENTES A INSTITUCIONES PÚBLICAS FINANCIERAS | B42: =+'P2 Presupuesto Aprobado-Ejec'!D42 -> 0 | C42: =+'P2 Presupuesto Aprobado-Ejec'!E42 -> 0 | D42: =+'P2 Presupuesto Aprobado-Ejec'!F42 -> 0 | E42: =+'P2 Presupuesto Aprobado-Ejec'!G42 -> 0 | F42: =+'P2 Presupuesto Aprobado-Ejec'!H42 -> 0 | G42: =+'P2 Presupuesto Aprobado-Ejec'!I42 -> 0 | H42: =+'P2 Presupuesto Aprobado-Ejec'!J42 -> 0 | I42: =+'P2 Presupuesto Aprobado-Ejec'!K42 -> 0 | ... M42: =+'P2 Presupuesto Aprobado-Ejec'!O42 -> 0 | N42: =SUM(B42:M42) -> 0
A43: 2.4.7 - TRANSFERENCIAS CORRIENTES AL SECTOR EXTERNO | B43: =+'P2 Presupuesto Aprobado-Ejec'!D43 -> 0 | C43: =+'P2 Presupuesto Aprobado-Ejec'!E43 -> 0 | D43: =+'P2 Presupuesto Aprobado-Ejec'!F43 -> 0 | E43: =+'P2 Presupuesto Aprobado-Ejec'!G43 -> 0 | F43: =+'P2 Presupuesto Aprobado-Ejec'!H43 -> 0 | G43: =+'P2 Presupuesto Aprobado-Ejec'!I43 -> 0 | H43: =+'P2 Presupuesto Aprobado-Ejec'!J43 -> 0 | I43: =+'P2 Presupuesto Aprobado-Ejec'!K43 -> 0 | ... M43: =+'P2 Presupuesto Aprobado-Ejec'!O43 -> 0 | N43: =SUM(B43:M43) -> 0
A44: 2.4.9 - TRANSFERENCIAS CORRIENTES A OTRAS INSTITUCIONES PÚBLICAS | B44: =+'P2 Presupuesto Aprobado-Ejec'!D44 -> 0 | C44: =+'P2 Presupuesto Aprobado-Ejec'!E44 -> 0 | D44: =+'P2 Presupuesto Aprobado-Ejec'!F44 -> 0 | E44: =+'P2 Presupuesto Aprobado-Ejec'!G44 -> 0 | F44: =+'P2 Presupuesto Aprobado-Ejec'!H44 -> 0 | G44: =+'P2 Presupuesto Aprobado-Ejec'!I44 -> 0 | H44: =+'P2 Presupuesto Aprobado-Ejec'!J44 -> 0 | I44: =+'P2 Presupuesto Aprobado-Ejec'!K44 -> 0 | ... M44: =+'P2 Presupuesto Aprobado-Ejec'!O44 -> 0 | N44: =SUM(B44:M44) -> 0
A45: 2.5 - TRANSFERENCIAS DE CAPITAL | B45: =SUM(B46:B52) -> 0 | C45: =SUM(C46:C52) -> 0 | D45: =SUM(D46:D52) -> 0 | E45: =SUM(E46:E52) -> 0 | F45: =SUM(F46:F52) -> 0 | G45: =SUM(G46:G52) -> 0 | H45: =SUM(H46:H52) -> 0 | I45: =SUM(I46:I52) -> 0 | ... N45: =SUM(N46:N52) -> 0
A46: 2.5.1 - TRANSFERENCIAS DE CAPITAL AL SECTOR PRIVADO | B46: =+'P2 Presupuesto Aprobado-Ejec'!D46 -> 0 | C46: =+'P2 Presupuesto Aprobado-Ejec'!E46 -> 0 | D46: =+'P2 Presupuesto Aprobado-Ejec'!F46 -> 0 | E46: =+'P2 Presupuesto Aprobado-Ejec'!G46 -> 0 | F46: =+'P2 Presupuesto Aprobado-Ejec'!H46 -> 0 | G46: =+'P2 Presupuesto Aprobado-Ejec'!I46 -> 0 | H46: =+'P2 Presupuesto Aprobado-Ejec'!J46 -> 0 | I46: =+'P2 Presupuesto Aprobado-Ejec'!K46 -> 0 | ... M46: =+'P2 Presupuesto Aprobado-Ejec'!O46 -> 0 | N46: =SUM(B46:M46) -> 0
A47: 2.5.2 - TRANSFERENCIAS DE CAPITAL AL GOBIERNO GENERAL NACIONAL | B47: =+'P2 Presupuesto Aprobado-Ejec'!D47 -> 0 | C47: =+'P2 Presupuesto Aprobado-Ejec'!E47 -> 0 | D47: =+'P2 Presupuesto Aprobado-Ejec'!F47 -> 0 | E47: =+'P2 Presupuesto Aprobado-Ejec'!G47 -> 0 | F47: =+'P2 Presupuesto Aprobado-Ejec'!H47 -> 0 | G47: =+'P2 Presupuesto Aprobado-Ejec'!I47 -> 0 | H47: =+'P2 Presupuesto Aprobado-Ejec'!J47 -> 0 | I47: =+'P2 Presupuesto Aprobado-Ejec'!K47 -> 0 | ... M47: =+'P2 Presupuesto Aprobado-Ejec'!O47 -> 0 | N47: =SUM(B47:M47) -> 0
A48: 2.5.3 - TRANSFERENCIAS DE CAPITAL A GOBIERNOS GENERALES LOCALES | B48: =+'P2 Presupuesto Aprobado-Ejec'!D48 -> 0 | C48: =+'P2 Presupuesto Aprobado-Ejec'!E48 -> 0 | D48: =+'P2 Presupuesto Aprobado-Ejec'!F48 -> 0 | E48: =+'P2 Presupuesto Aprobado-Ejec'!G48 -> 0 | F48: =+'P2 Presupuesto Aprobado-Ejec'!H48 -> 0 | G48: =+'P2 Presupuesto Aprobado-Ejec'!I48 -> 0 | H48: =+'P2 Presupuesto Aprobado-Ejec'!J48 -> 0 | I48: =+'P2 Presupuesto Aprobado-Ejec'!K48 -> 0 | ... M48: =+'P2 Presupuesto Aprobado-Ejec'!O48 -> 0 | N48: =SUM(B48:M48) -> 0
A49: 2.5.4 - TRANSFERENCIAS DE CAPITAL A EMPRESAS PÚBLICAS NO FINANCIERAS | B49: =+'P2 Presupuesto Aprobado-Ejec'!D49 -> 0 | C49: =+'P2 Presupuesto Aprobado-Ejec'!E49 -> 0 | D49: =+'P2 Presupuesto Aprobado-Ejec'!F49 -> 0 | E49: =+'P2 Presupuesto Aprobado-Ejec'!G49 -> 0 | F49: =+'P2 Presupuesto Aprobado-Ejec'!H49 -> 0 | G49: =+'P2 Presupuesto Aprobado-Ejec'!I49 -> 0 | H49: =+'P2 Presupuesto Aprobado-Ejec'!J49 -> 0 | I49: =+'P2 Presupuesto Aprobado-Ejec'!K49 -> 0 | ... M49: =+'P2 Presupuesto Aprobado-Ejec'!O49 -> 0 | N49: =SUM(B49:M49) -> 0
A50: 2.5.5 - TRANSFERENCIAS DE CAPITAL A INSTITUCIONES PÚBLICAS FINANCIERAS | B50: =+'P2 Presupuesto Aprobado-Ejec'!D50 -> 0 | C50: =+'P2 Presupuesto Aprobado-Ejec'!E50 -> 0 | D50: =+'P2 Presupuesto Aprobado-Ejec'!F50 -> 0 | E50: =+'P2 Presupuesto Aprobado-Ejec'!G50 -> 0 | F50: =+'P2 Presupuesto Aprobado-Ejec'!H50 -> 0 | G50: =+'P2 Presupuesto Aprobado-Ejec'!I50 -> 0 | H50: =+'P2 Presupuesto Aprobado-Ejec'!J50 -> 0 | I50: =+'P2 Presupuesto Aprobado-Ejec'!K50 -> 0 | ... M50: =+'P2 Presupuesto Aprobado-Ejec'!O50 -> 0 | N50: =SUM(B50:M50) -> 0
A51: 2.5.6 - TRANSFERENCIAS DE CAPITAL AL SECTOR EXTERNO | B51: =+'P2 Presupuesto Aprobado-Ejec'!D51 -> 0 | C51: =+'P2 Presupuesto Aprobado-Ejec'!E51 -> 0 | D51: =+'P2 Presupuesto Aprobado-Ejec'!F51 -> 0 | E51: =+'P2 Presupuesto Aprobado-Ejec'!G51 -> 0 | F51: =+'P2 Presupuesto Aprobado-Ejec'!H51 -> 0 | G51: =+'P2 Presupuesto Aprobado-Ejec'!I51 -> 0 | H51: =+'P2 Presupuesto Aprobado-Ejec'!J51 -> 0 | I51: =+'P2 Presupuesto Aprobado-Ejec'!K51 -> 0 | ... M51: =+'P2 Presupuesto Aprobado-Ejec'!O51 -> 0 | N51: =SUM(B51:M51) -> 0
A52: 2.5.9 - TRANSFERENCIAS DE CAPITAL A OTRAS INSTITUCIONES PÚBLICAS | B52: =+'P2 Presupuesto Aprobado-Ejec'!D52 -> 0 | C52: =+'P2 Presupuesto Aprobado-Ejec'!E52 -> 0 | D52: =+'P2 Presupuesto Aprobado-Ejec'!F52 -> 0 | E52: =+'P2 Presupuesto Aprobado-Ejec'!G52 -> 0 | F52: =+'P2 Presupuesto Aprobado-Ejec'!H52 -> 0 | G52: =+'P2 Presupuesto Aprobado-Ejec'!I52 -> 0 | H52: =+'P2 Presupuesto Aprobado-Ejec'!J52 -> 0 | I52: =+'P2 Presupuesto Aprobado-Ejec'!K52 -> 0 | ... M52: =+'P2 Presupuesto Aprobado-Ejec'!O52 -> 0 | N52: =SUM(B52:M52) -> 0
A53: 2.6 - BIENES MUEBLES, INMUEBLES E INTANGIBLES | B53: =SUM(B54:B62) -> 0 | C53: =SUM(C54:C62) -> 0 | D53: =SUM(D54:D62) -> 0 | E53: =SUM(E54:E62) -> 0 | F53: =SUM(F54:F62) -> 0 | G53: =SUM(G54:G62) -> 0 | H53: =SUM(H54:H62) -> 0 | I53: =SUM(I54:I62) -> 0 | ... N53: =SUM(N54:N62) -> 0
A54: 2.6.1 - MOBILIARIO Y EQUIPO | B54: =+'P2 Presupuesto Aprobado-Ejec'!D54 -> 0 | C54: =+'P2 Presupuesto Aprobado-Ejec'!E54 -> 0 | D54: =+'P2 Presupuesto Aprobado-Ejec'!F54 -> 0 | E54: =+'P2 Presupuesto Aprobado-Ejec'!G54 -> 0 | F54: =+'P2 Presupuesto Aprobado-Ejec'!H54 -> 0 | G54: =+'P2 Presupuesto Aprobado-Ejec'!I54 -> 0 | H54: =+'P2 Presupuesto Aprobado-Ejec'!J54 -> 0 | I54: =+'P2 Presupuesto Aprobado-Ejec'!K54 -> 0 | ... M54: =+'P2 Presupuesto Aprobado-Ejec'!O54 -> 0 | N54: =SUM(B54:M54) -> 0
A55: 2.6.2 - MOBILIARIO Y EQUIPO AUDIOVISUAL, RECREATIVO Y EDUCACIONAL | B55: =+'P2 Presupuesto Aprobado-Ejec'!D55 -> 0 | C55: =+'P2 Presupuesto Aprobado-Ejec'!E55 -> 0 | D55: =+'P2 Presupuesto Aprobado-Ejec'!F55 -> 0 | E55: =+'P2 Presupuesto Aprobado-Ejec'!G55 -> 0 | F55: =+'P2 Presupuesto Aprobado-Ejec'!H55 -> 0 | G55: =+'P2 Presupuesto Aprobado-Ejec'!I55 -> 0 | H55: =+'P2 Presupuesto Aprobado-Ejec'!J55 -> 0 | I55: =+'P2 Presupuesto Aprobado-Ejec'!K55 -> 0 | ... M55: =+'P2 Presupuesto Aprobado-Ejec'!O55 -> 0 | N55: =SUM(B55:M55) -> 0
A56: 2.6.3 - EQUIPO E INSTRUMENTAL, CIENTÍFICO Y LABORATORIO | B56: =+'P2 Presupuesto Aprobado-Ejec'!D56 -> 0 | C56: =+'P2 Presupuesto Aprobado-Ejec'!E56 -> 0 | D56: =+'P2 Presupuesto Aprobado-Ejec'!F56 -> 0 | E56: =+'P2 Presupuesto Aprobado-Ejec'!G56 -> 0 | F56: =+'P2 Presupuesto Aprobado-Ejec'!H56 -> 0 | G56: =+'P2 Presupuesto Aprobado-Ejec'!I56 -> 0 | H56: =+'P2 Presupuesto Aprobado-Ejec'!J56 -> 0 | I56: =+'P2 Presupuesto Aprobado-Ejec'!K56 -> 0 | ... M56: =+'P2 Presupuesto Aprobado-Ejec'!O56 -> 0 | N56: =SUM(B56:M56) -> 0
A57: 2.6.4 - VEHÍCULOS Y EQUIPO DE TRANSPORTE, TRACCIÓN Y ELEVACIÓN | B57: =+'P2 Presupuesto Aprobado-Ejec'!D57 -> 0 | C57: =+'P2 Presupuesto Aprobado-Ejec'!E57 -> 0 | D57: =+'P2 Presupuesto Aprobado-Ejec'!F57 -> 0 | E57: =+'P2 Presupuesto Aprobado-Ejec'!G57 -> 0 | F57: =+'P2 Presupuesto Aprobado-Ejec'!H57 -> 0 | G57: =+'P2 Presupuesto Aprobado-Ejec'!I57 -> 0 | H57: =+'P2 Presupuesto Aprobado-Ejec'!J57 -> 0 | I57: =+'P2 Presupuesto Aprobado-Ejec'!K57 -> 0 | ... M57: =+'P2 Presupuesto Aprobado-Ejec'!O57 -> 0 | N57: =SUM(B57:M57) -> 0
A58: 2.6.5 - MAQUINARIA, OTROS EQUIPOS Y HERRAMIENTAS | B58: =+'P2 Presupuesto Aprobado-Ejec'!D58 -> 0 | C58: =+'P2 Presupuesto Aprobado-Ejec'!E58 -> 0 | D58: =+'P2 Presupuesto Aprobado-Ejec'!F58 -> 0 | E58: =+'P2 Presupuesto Aprobado-Ejec'!G58 -> 0 | F58: =+'P2 Presupuesto Aprobado-Ejec'!H58 -> 0 | G58: =+'P2 Presupuesto Aprobado-Ejec'!I58 -> 0 | H58: =+'P2 Presupuesto Aprobado-Ejec'!J58 -> 0 | I58: =+'P2 Presupuesto Aprobado-Ejec'!K58 -> 0 | ... M58: =+'P2 Presupuesto Aprobado-Ejec'!O58 -> 0 | N58: =SUM(B58:M58) -> 0
A59: 2.6.6 - EQUIPOS DE DEFENSA Y SEGURIDAD | B59: =+'P2 Presupuesto Aprobado-Ejec'!D59 -> 0 | C59: =+'P2 Presupuesto Aprobado-Ejec'!E59 -> 0 | D59: =+'P2 Presupuesto Aprobado-Ejec'!F59 -> 0 | E59: =+'P2 Presupuesto Aprobado-Ejec'!G59 -> 0 | F59: =+'P2 Presupuesto Aprobado-Ejec'!H59 -> 0 | G59: =+'P2 Presupuesto Aprobado-Ejec'!I59 -> 0 | H59: =+'P2 Presupuesto Aprobado-Ejec'!J59 -> 0 | I59: =+'P2 Presupuesto Aprobado-Ejec'!K59 -> 0 | ... M59: =+'P2 Presupuesto Aprobado-Ejec'!O59 -> 0 | N59: =SUM(B59:M59) -> 0
A60: 2.6.7 - ACTIVOS BIÓLOGICOS CULTIVABLES | B60: =+'P2 Presupuesto Aprobado-Ejec'!D60 -> 0 | C60: =+'P2 Presupuesto Aprobado-Ejec'!E60 -> 0 | D60: =+'P2 Presupuesto Aprobado-Ejec'!F60 -> 0 | E60: =+'P2 Presupuesto Aprobado-Ejec'!G60 -> 0 | F60: =+'P2 Presupuesto Aprobado-Ejec'!H60 -> 0 | G60: =+'P2 Presupuesto Aprobado-Ejec'!I60 -> 0 | H60: =+'P2 Presupuesto Aprobado-Ejec'!J60 -> 0 | I60: =+'P2 Presupuesto Aprobado-Ejec'!K60 -> 0 | ... M60: =+'P2 Presupuesto Aprobado-Ejec'!O60 -> 0 | N60: =SUM(B60:M60) -> 0
A61: 2.6.8 - BIENES INTANGIBLES | B61: =+'P2 Presupuesto Aprobado-Ejec'!D61 -> 0 | C61: =+'P2 Presupuesto Aprobado-Ejec'!E61 -> 0 | D61: =+'P2 Presupuesto Aprobado-Ejec'!F61 -> 0 | E61: =+'P2 Presupuesto Aprobado-Ejec'!G61 -> 0 | F61: =+'P2 Presupuesto Aprobado-Ejec'!H61 -> 0 | G61: =+'P2 Presupuesto Aprobado-Ejec'!I61 -> 0 | H61: =+'P2 Presupuesto Aprobado-Ejec'!J61 -> 0 | I61: =+'P2 Presupuesto Aprobado-Ejec'!K61 -> 0 | ... M61: =+'P2 Presupuesto Aprobado-Ejec'!O61 -> 0 | N61: =SUM(B61:M61) -> 0
A62: 2.6.9 - EDIFICIOS, ESTRUCTURAS, TIERRAS, TERRENOS Y OBJETOS DE VALOR | B62: =+'P2 Presupuesto Aprobado-Ejec'!D62 -> 0 | C62: =+'P2 Presupuesto Aprobado-Ejec'!E62 -> 0 | D62: =+'P2 Presupuesto Aprobado-Ejec'!F62 -> 0 | E62: =+'P2 Presupuesto Aprobado-Ejec'!G62 -> 0 | F62: =+'P2 Presupuesto Aprobado-Ejec'!H62 -> 0 | G62: =+'P2 Presupuesto Aprobado-Ejec'!I62 -> 0 | H62: =+'P2 Presupuesto Aprobado-Ejec'!J62 -> 0 | I62: =+'P2 Presupuesto Aprobado-Ejec'!K62 -> 0 | ... M62: =+'P2 Presupuesto Aprobado-Ejec'!O62 -> 0 | N62: =SUM(B62:M62) -> 0
A63: 2.7 - OBRAS | B63: =SUM(B64:B67) -> 0 | C63: =SUM(C64:C67) -> 0 | D63: =SUM(D64:D67) -> 0 | E63: =SUM(E64:E67) -> 0 | F63: =SUM(F64:F67) -> 0 | G63: =SUM(G64:G67) -> 0 | H63: =SUM(H64:H67) -> 0 | I63: =SUM(I64:I67) -> 0 | ... N63: =SUM(N64:N67) -> 0
A64: 2.7.1 - OBRAS EN EDIFICACIONES | B64: =+'P2 Presupuesto Aprobado-Ejec'!D64 -> 0 | C64: =+'P2 Presupuesto Aprobado-Ejec'!E64 -> 0 | D64: =+'P2 Presupuesto Aprobado-Ejec'!F64 -> 0 | E64: =+'P2 Presupuesto Aprobado-Ejec'!G64 -> 0 | F64: =+'P2 Presupuesto Aprobado-Ejec'!H64 -> 0 | G64: =+'P2 Presupuesto Aprobado-Ejec'!I64 -> 0 | H64: =+'P2 Presupuesto Aprobado-Ejec'!J64 -> 0 | I64: =+'P2 Presupuesto Aprobado-Ejec'!K64 -> 0 | ... M64: =+'P2 Presupuesto Aprobado-Ejec'!O64 -> 0 | N64: =SUM(B64:M64) -> 0
A65: 2.7.2 - INFRAESTRUCTURA | B65: =+'P2 Presupuesto Aprobado-Ejec'!D65 -> 0 | C65: =+'P2 Presupuesto Aprobado-Ejec'!E65 -> 0 | D65: =+'P2 Presupuesto Aprobado-Ejec'!F65 -> 0 | E65: =+'P2 Presupuesto Aprobado-Ejec'!G65 -> 0 | F65: =+'P2 Presupuesto Aprobado-Ejec'!H65 -> 0 | G65: =+'P2 Presupuesto Aprobado-Ejec'!I65 -> 0 | H65: =+'P2 Presupuesto Aprobado-Ejec'!J65 -> 0 | I65: =+'P2 Presupuesto Aprobado-Ejec'!K65 -> 0 | ... M65: =+'P2 Presupuesto Aprobado-Ejec'!O65 -> 0 | N65: =SUM(B65:M65) -> 0
A66: 2.7.3 - CONSTRUCCIONES EN BIENES CONCESIONADOS | B66: =+'P2 Presupuesto Aprobado-Ejec'!D66 -> 0 | C66: =+'P2 Presupuesto Aprobado-Ejec'!E66 -> 0 | D66: =+'P2 Presupuesto Aprobado-Ejec'!F66 -> 0 | E66: =+'P2 Presupuesto Aprobado-Ejec'!G66 -> 0 | F66: =+'P2 Presupuesto Aprobado-Ejec'!H66 -> 0 | G66: =+'P2 Presupuesto Aprobado-Ejec'!I66 -> 0 | H66: =+'P2 Presupuesto Aprobado-Ejec'!J66 -> 0 | I66: =+'P2 Presupuesto Aprobado-Ejec'!K66 -> 0 | ... M66: =+'P2 Presupuesto Aprobado-Ejec'!O66 -> 0 | N66: =SUM(B66:M66) -> 0
A67: 2.7.4 - GASTOS QUE SE ASIGNARÁN DURANTE EL EJERCICIO PARA INVERSIÓN (ART. 32 Y 33 LEY 423-06) | B67: =+'P2 Presupuesto Aprobado-Ejec'!D67 -> 0 | C67: =+'P2 Presupuesto Aprobado-Ejec'!E67 -> 0 | D67: =+'P2 Presupuesto Aprobado-Ejec'!F67 -> 0 | E67: =+'P2 Presupuesto Aprobado-Ejec'!G67 -> 0 | F67: =+'P2 Presupuesto Aprobado-Ejec'!H67 -> 0 | G67: =+'P2 Presupuesto Aprobado-Ejec'!I67 -> 0 | H67: =+'P2 Presupuesto Aprobado-Ejec'!J67 -> 0 | I67: =+'P2 Presupuesto Aprobado-Ejec'!K67 -> 0 | ... M67: =+'P2 Presupuesto Aprobado-Ejec'!O67 -> 0 | N67: =SUM(B67:M67) -> 0
A68: 2.8 - ADQUISICION DE ACTIVOS FINANCIEROS CON FINES DE POLÍTICA | B68: =SUM(B69:B70) -> 0 | C68: =SUM(C69:C70) -> 0 | D68: =SUM(D69:D70) -> 0 | E68: =SUM(E69:E70) -> 0 | F68: =SUM(F69:F70) -> 0 | G68: =SUM(G69:G70) -> 0 | H68: =SUM(H69:H70) -> 0 | I68: =SUM(I69:I70) -> 0 | ... N68: =SUM(N69:N70) -> 0
A69: 2.8.1 - CONCESIÓN DE PRESTAMOS | B69: =+'P2 Presupuesto Aprobado-Ejec'!D69 -> 0 | C69: =+'P2 Presupuesto Aprobado-Ejec'!E69 -> 0 | D69: =+'P2 Presupuesto Aprobado-Ejec'!F69 -> 0 | E69: =+'P2 Presupuesto Aprobado-Ejec'!G69 -> 0 | F69: =+'P2 Presupuesto Aprobado-Ejec'!H69 -> 0 | G69: =+'P2 Presupuesto Aprobado-Ejec'!I69 -> 0 | H69: =+'P2 Presupuesto Aprobado-Ejec'!J69 -> 0 | I69: =+'P2 Presupuesto Aprobado-Ejec'!K69 -> 0 | ... M69: =+'P2 Presupuesto Aprobado-Ejec'!O69 -> 0 | N69: =SUM(B69:M69) -> 0
A70: 2.8.2 - ADQUISICIÓN DE TÍTULOS VALORES REPRESENTATIVOS DE DEUDA | B70: =+'P2 Presupuesto Aprobado-Ejec'!D70 -> 0 | C70: =+'P2 Presupuesto Aprobado-Ejec'!E70 -> 0 | D70: =+'P2 Presupuesto Aprobado-Ejec'!F70 -> 0 | E70: =+'P2 Presupuesto Aprobado-Ejec'!G70 -> 0 | F70: =+'P2 Presupuesto Aprobado-Ejec'!H70 -> 0 | G70: =+'P2 Presupuesto Aprobado-Ejec'!I70 -> 0 | H70: =+'P2 Presupuesto Aprobado-Ejec'!J70 -> 0 | I70: =+'P2 Presupuesto Aprobado-Ejec'!K70 -> 0 | ... M70: =+'P2 Presupuesto Aprobado-Ejec'!O70 -> 0 | N70: =SUM(B70:M70) -> 0
A71: 2.9 - GASTOS FINANCIEROS | B71: =SUM(B72:B74) -> 0 | C71: =SUM(C72:C74) -> 0 | D71: =SUM(D72:D74) -> 0 | E71: =SUM(E72:E74) -> 0 | F71: =SUM(F72:F74) -> 0 | G71: =SUM(G72:G74) -> 0 | H71: =SUM(H72:H74) -> 0 | I71: =SUM(I72:I74) -> 0 | ... N71: =SUM(N72:N74) -> 0
A72: 2.9.1 - INTERESES DE LA DEUDA PÚBLICA INTERNA | B72: =+'P2 Presupuesto Aprobado-Ejec'!D72 -> 0 | C72: =+'P2 Presupuesto Aprobado-Ejec'!E72 -> 0 | D72: =+'P2 Presupuesto Aprobado-Ejec'!F72 -> 0 | E72: =+'P2 Presupuesto Aprobado-Ejec'!G72 -> 0 | F72: =+'P2 Presupuesto Aprobado-Ejec'!H72 -> 0 | G72: =+'P2 Presupuesto Aprobado-Ejec'!I72 -> 0 | H72: =+'P2 Presupuesto Aprobado-Ejec'!J72 -> 0 | I72: =+'P2 Presupuesto Aprobado-Ejec'!K72 -> 0 | ... M72: =+'P2 Presupuesto Aprobado-Ejec'!O72 -> 0 | N72: =SUM(B72:M72) -> 0
A73: 2.9.2 - INTERESES DE LA DEUDA PUBLICA EXTERNA | B73: =+'P2 Presupuesto Aprobado-Ejec'!D73 -> 0 | C73: =+'P2 Presupuesto Aprobado-Ejec'!E73 -> 0 | D73: =+'P2 Presupuesto Aprobado-Ejec'!F73 -> 0 | E73: =+'P2 Presupuesto Aprobado-Ejec'!G73 -> 0 | F73: =+'P2 Presupuesto Aprobado-Ejec'!H73 -> 0 | G73: =+'P2 Presupuesto Aprobado-Ejec'!I73 -> 0 | H73: =+'P2 Presupuesto Aprobado-Ejec'!J73 -> 0 | I73: =+'P2 Presupuesto Aprobado-Ejec'!K73 -> 0 | ... M73: =+'P2 Presupuesto Aprobado-Ejec'!O73 -> 0 | N73: =SUM(B73:M73) -> 0
A74: 2.9.4 - COMISIONES Y OTROS GASTOS BANCARIOS DE LA DEUDA PÚBLICA | B74: =+'P2 Presupuesto Aprobado-Ejec'!D74 -> 0 | C74: =+'P2 Presupuesto Aprobado-Ejec'!E74 -> 0 | D74: =+'P2 Presupuesto Aprobado-Ejec'!F74 -> 0 | E74: =+'P2 Presupuesto Aprobado-Ejec'!G74 -> 0 | F74: =+'P2 Presupuesto Aprobado-Ejec'!H74 -> 0 | G74: =+'P2 Presupuesto Aprobado-Ejec'!I74 -> 0 | H74: =+'P2 Presupuesto Aprobado-Ejec'!J74 -> 0 | I74: =+'P2 Presupuesto Aprobado-Ejec'!K74 -> 0 | ... M74: =+'P2 Presupuesto Aprobado-Ejec'!O74 -> 0 | N74: =SUM(B74:M74) -> 0
A75: Total Gastos | B75: =+B11+B17+B27+B37+B45+B53+B63+B68+B71 -> 21192468 | C75: =+C11+C17+C27+C37+C45+C53+C63+C68+C71 -> 22307198 | D75: =+D11+D17+D27+D37+D45+D53+D63+D68+D71 -> 0 | E75: =+E11+E17+E27+E37+E45+E53+E63+E68+E71 -> 0 | F75: =+F11+F17+F27+F37+F45+F53+F63+F68+F71 -> 0 | G75: =+G11+G17+G27+G37+G45+G53+G63+G68+G71 -> 0 | H75: =+H11+H17+H27+H37+H45+H53+H63+H68+H71 -> 0 | I75: =+I11+I17+I27+I37+I45+I53+I63+I68+I71 -> 0 | ... N75: =+N11+N17+N27+N37+N45+N53+N63+N68+N71 -> 43499666
A77: 4 - APLICACIONES FINANCIERAS | B77: =+'P2 Presupuesto Aprobado-Ejec'!D77 -> 0 | C77: =+'P2 Presupuesto Aprobado-Ejec'!E77 -> 0 | D77: =+'P2 Presupuesto Aprobado-Ejec'!F77 -> 0 | E77: =+'P2 Presupuesto Aprobado-Ejec'!G77 -> 0 | F77: =+'P2 Presupuesto Aprobado-Ejec'!H77 -> 0 | G77: =+'P2 Presupuesto Aprobado-Ejec'!I77 -> 0 | H77: =+'P2 Presupuesto Aprobado-Ejec'!J77 -> 0 | I77: =+'P2 Presupuesto Aprobado-Ejec'!K77 -> 0 | ... M77: =+'P2 Presupuesto Aprobado-Ejec'!O77 -> 0
A78: 4.1 - INCREMENTO DE ACTIVOS FINANCIEROS | B78: =SUM(B79:B80) -> 0 | C78: =SUM(C79:C80) -> 0 | D78: =SUM(D79:D80) -> 0 | E78: =SUM(E79:E80) -> 0 | F78: =SUM(F79:F80) -> 0 | G78: =SUM(G79:G80) -> 0 | H78: =SUM(H79:H80) -> 0 | I78: =SUM(I79:I80) -> 0 | ... N78: =SUM(N79:N80) -> 0
A79: 4.1.1 - INCREMENTO DE ACTIVOS FINANCIEROS CORRIENTES | B79: =+'P2 Presupuesto Aprobado-Ejec'!D79 -> 0 | C79: =+'P2 Presupuesto Aprobado-Ejec'!E79 -> 0 | D79: =+'P2 Presupuesto Aprobado-Ejec'!F79 -> 0 | E79: =+'P2 Presupuesto Aprobado-Ejec'!G79 -> 0 | F79: =+'P2 Presupuesto Aprobado-Ejec'!H79 -> 0 | G79: =+'P2 Presupuesto Aprobado-Ejec'!I79 -> 0 | H79: =+'P2 Presupuesto Aprobado-Ejec'!J79 -> 0 | I79: =+'P2 Presupuesto Aprobado-Ejec'!K79 -> 0 | ... M79: =+'P2 Presupuesto Aprobado-Ejec'!O79 -> 0 | N79: =SUM(B79:M79) -> 0
A80: 4.1.2 - INCREMENTO DE ACTIVOS FINANCIEROS NO CORRIENTES | B80: =+'P2 Presupuesto Aprobado-Ejec'!D80 -> 0 | C80: =+'P2 Presupuesto Aprobado-Ejec'!E80 -> 0 | D80: =+'P2 Presupuesto Aprobado-Ejec'!F80 -> 0 | E80: =+'P2 Presupuesto Aprobado-Ejec'!G80 -> 0 | F80: =+'P2 Presupuesto Aprobado-Ejec'!H80 -> 0 | G80: =+'P2 Presupuesto Aprobado-Ejec'!I80 -> 0 | H80: =+'P2 Presupuesto Aprobado-Ejec'!J80 -> 0 | I80: =+'P2 Presupuesto Aprobado-Ejec'!K80 -> 0 | ... M80: =+'P2 Presupuesto Aprobado-Ejec'!O80 -> 0 | N80: =SUM(B80:M80) -> 0
A81: 4.2 - DISMINUCIÓN DE PASIVOS | B81: =SUM(B82:B83) -> 0 | C81: =SUM(C82:C83) -> 0 | D81: =SUM(D82:D83) -> 0 | E81: =SUM(E82:E83) -> 0 | F81: =SUM(F82:F83) -> 0 | G81: =SUM(G82:G83) -> 0 | H81: =SUM(H82:H83) -> 0 | I81: =SUM(I82:I83) -> 0 | ... N81: =SUM(N82:N83) -> 0
A82: 4.2.1 - DISMINUCIÓN DE PASIVOS CORRIENTES | B82: =+'P2 Presupuesto Aprobado-Ejec'!D82 -> 0 | C82: =+'P2 Presupuesto Aprobado-Ejec'!E82 -> 0 | D82: =+'P2 Presupuesto Aprobado-Ejec'!F82 -> 0 | E82: =+'P2 Presupuesto Aprobado-Ejec'!G82 -> 0 | F82: =+'P2 Presupuesto Aprobado-Ejec'!H82 -> 0 | G82: =+'P2 Presupuesto Aprobado-Ejec'!I82 -> 0 | H82: =+'P2 Presupuesto Aprobado-Ejec'!J82 -> 0 | I82: =+'P2 Presupuesto Aprobado-Ejec'!K82 -> 0 | ... M82: =+'P2 Presupuesto Aprobado-Ejec'!O82 -> 0 | N82: =SUM(B82:M82) -> 0
A83: 4.2.2 - DISMINUCIÓN DE PASIVOS NO CORRIENTES | B83: =+'P2 Presupuesto Aprobado-Ejec'!D83 -> 0 | C83: =+'P2 Presupuesto Aprobado-Ejec'!E83 -> 0 | D83: =+'P2 Presupuesto Aprobado-Ejec'!F83 -> 0 | E83: =+'P2 Presupuesto Aprobado-Ejec'!G83 -> 0 | F83: =+'P2 Presupuesto Aprobado-Ejec'!H83 -> 0 | G83: =+'P2 Presupuesto Aprobado-Ejec'!I83 -> 0 | H83: =+'P2 Presupuesto Aprobado-Ejec'!J83 -> 0 | I83: =+'P2 Presupuesto Aprobado-Ejec'!K83 -> 0 | ... M83: =+'P2 Presupuesto Aprobado-Ejec'!O83 -> 0 | N83: =SUM(B83:M83) -> 0
A84: 4.3 - DISMINUCIÓN DE FONDOS DE TERCEROS | B84: =SUM(B85) -> 0 | C84: =SUM(C85) -> 0 | D84: =SUM(D85) -> 0 | E84: =SUM(E85) -> 0 | F84: =SUM(F85) -> 0 | G84: =SUM(G85) -> 0 | H84: =SUM(H85) -> 0 | I84: =SUM(I85) -> 0 | ... N84: =SUM(N85) -> 0
A85: 4.3.5 - DISMINUCIÓN DEPÓSITOS FONDOS DE TERCEROS | B85: =+'P2 Presupuesto Aprobado-Ejec'!D85 -> 0 | C85: =+'P2 Presupuesto Aprobado-Ejec'!E85 -> 0 | D85: =+'P2 Presupuesto Aprobado-Ejec'!F85 -> 0 | E85: =+'P2 Presupuesto Aprobado-Ejec'!G85 -> 0 | F85: =+'P2 Presupuesto Aprobado-Ejec'!H85 -> 0 | G85: =+'P2 Presupuesto Aprobado-Ejec'!I85 -> 0 | H85: =+'P2 Presupuesto Aprobado-Ejec'!J85 -> 0 | I85: =+'P2 Presupuesto Aprobado-Ejec'!K85 -> 0 | ... M85: =+'P2 Presupuesto Aprobado-Ejec'!O85 -> 0 | N85: =SUM(B85:M85) -> 0
A86: TOTAL APLICACIONES FINANCIERAS | B86: =+B78+B81+B84 -> 0 | C86: =+C78+C81+C84 -> 0 | D86: =+D78+D81+D84 -> 0 | E86: =+E78+E81+E84 -> 0 | F86: =+F78+F81+F84 -> 0 | G86: =+G78+G81+G84 -> 0 | H86: =+H78+H81+H84 -> 0 | I86: =+I78+I81+I84 -> 0 | ... N86: =+N78+N81+N84 -> 0
A88: TOTAL GASTOS Y APLICACIONES FINANCIERAS | B88: =+B75+B86 -> 21192468 | C88: =+C75+C86 -> 22307198 | D88: =+D75+D86 -> 0 | E88: =+E75+E86 -> 0 | F88: =+F75+F86 -> 0 | G88: =+G75+G86 -> 0 | H88: =+H75+H86 -> 0 | I88: =+I75+I86 -> 0 | ... N88: =+N75+N86 -> 43499666
A91: Presupuesto Aprobado: | K91: Notas:
A92: Se refiere al presupuesto aprobado en la Ley de Presupuesto General del Estado. | K92: 1. Gasto devengado.
K93: 2. Se presenta el gasto por mes; cada mes se deben actualizar los gastos devengados de los meses anteriores.
A94: Presupuesto Modificado:
A95: Se refiere al presupuesto aprobado en caso de que el Congreso Nacional apruebe un presupuesto complementario. | K95: 3. Se presenta la clasificacion objetal del gasto a nivel de cuenta.
K96: 4. Fecha de imputación: último día del mes analizado.
A97: Total Devengado: | K97: 5. Fecha de registro: el dia 10 del mes siguiente al mes analizado.
A98: Son los recursos financieros que surgen con la obligación de pago por la recepción de conformidad de obras, bienes y servicios oportunamente contratados o, en los casos de gastos sin contraprestación, por haberse cumplido los requisitos administrativos dispuestos por el reglamento de la presente ley.
K99: =+'P2 Presupuesto Aprobado-Ejec'!L99 -> Fuente: [Reporte del SIGEF]
K100: =+'P2 Presupuesto Aprobado-Ejec'!L100 -> Fecha de registro: desde el dia [01] de [enero] al [28] de [febrero] del [2026].
K101: =+'P2 Presupuesto Aprobado-Ejec'!L101 -> Fecha de registro: desde el dia [01] de [enero] al [28] de [febrero] del [2026].
A103: =+'P1 Presupuesto Aprobado'!A109:B109 -> LIC. ANTONIO ALVAREZ SANTOS,
A104: =+'P1 Presupuesto Aprobado'!A110:B110 -> Mayor, P.N.
A105: =+'P1 Presupuesto Aprobado'!A111:B111 -> Director de Área Administrativo y Financiero
